Workbook

Sheet Quant
A1: =MID(CELL("filename",A1),FIND("]",CELL("filename",A1))+1,255) -> Quant
A2: GMAT Quant Topic 1
A3: General Arithmetic
A5: Part A: Overlapping SETS | F5: Part B: Percentages | K5: Part C: Work / Rate | P5: Part C: Speed & Distance
B6: Q No | C6: Ans | D6: OA | E6: Remarks | G6: Q No | H6: Ans | I6: OA | J6: Remarks | L6: Q No | M6: Ans | N6: OA | O6: Remarks | Q6: Q No | R6: Ans | S6: OA | T6: Remarks
B7: 1 | C7: E | G7: 1 | H7: A | L7: 1 | M7: E | Q7: 1 | R7: C
B8: 2 | C8: D | G8: =G7+1 -> 2 | H8: E | L8: =L7+1 -> 2 | M8: B | Q8: =Q7+1 -> 2 | R8: D
B9: 3 | C9: B | G9: =G8+1 -> 3 | H9: A | L9: =L8+1 -> 3 | M9: B | Q9: =Q8+1 -> 3 | R9: B
B10: 4 | C10: E | G10: =G9+1 -> 4 | H10: A | L10: =L9+1 -> 4 | Q10: =Q9+1 -> 4
B11: 5 | G11: =G10+1 -> 5 | H11: D | L11: =L10+1 -> 5 | Q11: =Q10+1 -> 5
B12: 6 | C12: D | G12: =G11+1 -> 6 | H12: E | L12: =L11+1 -> 6 | Q12: =Q11+1 -> 6
B13: 7 | C13: B | G13: =G12+1 -> 7 | H13: A | L13: =L12+1 -> 7 | Q13: =Q12+1 -> 7
B14: 8 | C14: C | G14: =G13+1 -> 8 | H14: C | L14: =L13+1 -> 8 | Q14: =Q13+1 -> 8
B15: 9 | C15: B | G15: =G14+1 -> 9 | H15: D | L15: =L14+1 -> 9 | Q15: =Q14+1 -> 9
B16: 10 | C16: E | G16: =G15+1 -> 10 | H16: C | L16: =L15+1 -> 10 | Q16: =Q15+1 -> 10
B17: 11 | C17: D | G17: =G16+1 -> 11 | H17: D | L17: =L16+1 -> 11 | Q17: =Q16+1 -> 11
B18: 12 | C18: D | G18: =G17+1 -> 12 | H18: E | L18: =L17+1 -> 12 | Q18: =Q17+1 -> 12
B19: 13 | C19: A | G19: =G18+1 -> 13 | H19: E | L19: =L18+1 -> 13 | Q19: =Q18+1 -> 13
B20: 14 | G20: =G19+1 -> 14 | H20: D | L20: =L19+1 -> 14 | Q20: =Q19+1 -> 14
B21: 15 | G21: =G20+1 -> 15 | H21: C | L21: =L20+1 -> 15 | Q21: =Q20+1 -> 15
B22: 16 | C22: B | G22: =G21+1 -> 16 | H22: A | L22: =L21+1 -> 16 | Q22: =Q21+1 -> 16
B23: 17 | C23: C | G23: =G22+1 -> 17 | H23: A | L23: =L22+1 -> 17 | Q23: =Q22+1 -> 17
B24: 18 | G24: =G23+1 -> 18 | L24: =L23+1 -> 18 | Q24: =Q23+1 -> 18
B25: 19 | C25: E | G25: =G24+1 -> 19 | L25: =L24+1 -> 19 | Q25: =Q24+1 -> 19
B26: 20 | G26: =G25+1 -> 20 | L26: =L25+1 -> 20 | Q26: =Q25+1 -> 20
B27: 21 | G27: =G26+1 -> 21 | L27: =L26+1 -> 21
B28: 22 | G28: =G27+1 -> 22 | L28: =L27+1 -> 22
B29: 23 | G29: =G28+1 -> 23 | L29: =L28+1 -> 23
B30: 24 | G30: =G29+1 -> 24 | L30: =L29+1 -> 24
B31: 25 | G31: =G30+1 -> 25 | L31: =L30+1 -> 25
B32: 26 | G32: =G31+1 -> 26 | L32: =L31+1 -> 26
B33: 27 | G33: =G32+1 -> 27 | L33: =L32+1 -> 27
B34: 28 | G34: =G33+1 -> 28 | L34: =L33+1 -> 28
B35: 29 | G35: =G34+1 -> 29 | L35: =L34+1 -> 29
B36: 30 | G36: =G35+1 -> 30 | L36: =L35+1 -> 30
B37: 31 | G37: =G36+1 -> 31 | L37: =L36+1 -> 31
B38: 32 | G38: =G37+1 -> 32 | L38: =L37+1 -> 32
G39: =G38+1 -> 33 | L39: =L38+1 -> 33
G40: =G39+1 -> 34 | L40: =L39+1 -> 34
G41: =G40+1 -> 35 | L41: =L40+1 -> 35
G42: =G41+1 -> 36 | L42: =L41+1 -> 36
G43: =G42+1 -> 37 | L43: =L42+1 -> 37
G44: =G43+1 -> 38 | L44: =L43+1 -> 38
G45: =G44+1 -> 39 | L45: =L44+1 -> 39
G46: =G45+1 -> 40 | L46: =L45+1 -> 40
G47: =G46+1 -> 41 | L47: =L46+1 -> 41
G48: =G47+1 -> 42 | L48: =L47+1 -> 42
G49: =G48+1 -> 43 | L49: =L48+1 -> 43
G50: =G49+1 -> 44 | L50: =L49+1 -> 44
... G53: =G52+1 -> 47 | L53: =L52+1 -> 47
G54: =G53+1 -> 48 | H54: D | L54: =L53+1 -> 48
G55: =G54+1 -> 49 | H55: B | L55: =L54+1 -> 49
G56: =G55+1 -> 50 | H56: B | L56: =L55+1 -> 50
G57: =G56+1 -> 51 | H57: B | L57: =L56+1 -> 51
G58: =G57+1 -> 52 | H58: 0.72 | L58: =L57+1 -> 52
G59: =G58+1 -> 53 | H59: D | L59: =L58+1 -> 53
B123: =G89+1 -> 1
B124: =B123+1 -> 2
B125: =B124+1 -> 3
B126: =B125+1 -> 4
B127: =B126+1 -> 5
B128: =B127+1 -> 6
B129: =B128+1 -> 7
B130: =B129+1 -> 8
B131: =B130+1 -> 9
B132: =B131+1 -> 10
B133: =B132+1 -> 11
B134: =B133+1 -> 12
B135: =B134+1 -> 13
... B181: =B180+1 -> 59

Sheet OG>>
A1: =MID(CELL("filename",A1),FIND("]",CELL("filename",A1))+1,255) -> OG>>

Sheet Verbal Stats
A1: =MID(CELL("filename",A1),FIND("]",CELL("filename",A1))+1,255) -> Verbal Stats
B2: Performance snapshot | K2: Date-wise Accuracy (%)
C3: Question by type | D3: Total | E3: Unattempted | F3: Attempted | G3: % Attempted | H3: Correct | I3: Accuracy (%) | K3: Date | L3: 44053 | M3: =L3+1 -> 44054 | N3: =M3+1 -> 44055 | O3: =N3+1 -> 44056 | P3: =O3+1 -> 44057 | Q3: =P3+1 -> 44058 | R3: =Q3+1 -> 44059 | S3: =R3+1 -> 44060 | T3: =S3+1 -> 44061 | ... BI3: =BH3+1 -> 44102 | BJ3: 44220 | BK3: =BJ3+1 -> 44221 | BL3: =BK3+1 -> 44222 | BM3: =BL3+1 -> 44223 | BN3: =BM3+1 -> 44224 | BO3: =BN3+1 -> 44225 | BP3: =BO3+1 -> 44226 | BQ3: =BP3+1 -> 44227 | BR3: =BQ3+1 -> 44228 | ... CI3: =CH3+1 -> 44245 | CK3: =CJ3+1 -> 1
C4: RC | D4: =COUNTIFS(Table14[Q Type],'Verbal Stats'!C4) -> 661 | E4: =COUNTIFS(Table14[Date],"") -> 148 | F4: =D4-E4 -> 513 | G4: =F4/D4 -> 0.77609682 | H4: =R18 -> 427 | I4: =H4/F4 -> 0.83235867 | K4: SC | L4: =VLOOKUP(L3,$C$22:$N$92,5,0) -> 0.65 | M4: =VLOOKUP(M3,$C$22:$N$92,5,0) | N4: =VLOOKUP(N3,$C$22:$N$92,5,0) -> 0.45 | O4: =VLOOKUP(O3,$C$22:$N$92,5,0) | P4: =VLOOKUP(P3,$C$22:$N$92,5,0) | Q4: =VLOOKUP(Q3,$C$22:$N$92,5,0) | R4: =VLOOKUP(R3,$C$22:$N$92,5,0) | S4: =VLOOKUP(S3,$C$22:$N$92,5,0) -> 0.73333333 | ... CI4: =VLOOKUP(CI3,$C$22:$N$92,5,0) -> #N/A
C5: CR | D5: =COUNTIFS(Table11[Q. Type],'Verbal Stats'!C5) -> 1046 | E5: =COUNTIFS(Table11[Q. Type],'Verbal Stats'!C5,Table11[Date],"") -> 608 | F5: =D5-E5 -> 438 | G5: =F5/D5 -> 0.41873805 | H5: =AB21 -> 311 | I5: =H5/F5 -> 0.71004566 | K5: CR | L5: =VLOOKUP(L3,$C$22:$N$92,8,0) -> 0.6 | M5: =VLOOKUP(M3,$C$22:$N$92,8,0) | N5: =VLOOKUP(N3,$C$22:$N$92,8,0) | O5: =VLOOKUP(O3,$C$22:$N$92,8,0) | P5: =VLOOKUP(P3,$C$22:$N$92,8,0) | Q5: =VLOOKUP(Q3,$C$22:$N$92,8,0) -> 0.55 | R5: =VLOOKUP(R3,$C$22:$N$92,8,0) | S5: =VLOOKUP(S3,$C$22:$N$92,8,0) -> 0.64285714 | ... CI5: =VLOOKUP(CI3,$C$22:$N$92,8,0) -> #N/A
C6: SC | D6: =COUNTIFS(Table11[Q. Type],'Verbal Stats'!C6) -> 1430 | E6: =COUNTIFS(Table11[Q. Type],'Verbal Stats'!C6,Table11[Date],"") -> 985 | F6: =D6-E6 -> 445 | G6: =F6/D6 -> 0.31118881 | H6: =W21 -> 280 | I6: =H6/F6 -> 0.62921348 | K6: RC | L6: =VLOOKUP(L3,$C$22:$N$92,2,0) -> 0.85 | M6: =VLOOKUP(M3,$C$22:$N$92,2,0) | N6: =VLOOKUP(N3,$C$22:$N$92,2,0) | O6: =VLOOKUP(O3,$C$22:$N$92,2,0) | P6: =VLOOKUP(P3,$C$22:$N$92,2,0) | Q6: =VLOOKUP(Q3,$C$22:$N$92,2,0) -> 0.92307692 | R6: =VLOOKUP(R3,$C$22:$N$92,2,0) | S6: =VLOOKUP(S3,$C$22:$N$92,2,0) -> 0.84210526 | ... CI6: =VLOOKUP(CI3,$C$22:$N$92,2,0) -> #N/A
C7: Total | D7: =SUM(D4:D6) -> 3137 | E7: =SUM(E4:E6) -> 1741 | F7: =SUM(F4:F6) -> 1396 | G7: =F7/D7 -> 0.44501116 | H7: =SUM(H4:H6) -> 1018 | I7: =H7/F7 -> 0.72922636
O12: RC Accuracy | T12: SC Accuracy | Y12: CR Accuracy
O13: Difficulty | P13: Accuracy (%) | Q13: Total attempts | R13: Correct attempt | T13: Difficulty | U13: Accuracy (%) | V13: Total attempts | W13: Correct attempt | Y13: Difficulty | Z13: Accuracy (%) | AA13: Total attempts | AB13: Correct attempt
O14: Easy | P14: =R14/Q14 -> 0.9469697 | Q14: =COUNTIFS(Table14[Date],"<>",Table14[Difficulty],'Verbal Stats'!$O14) -> 132 | R14: =COUNTIFS(Table14[Correct/ Incorrect],"=Correct",Table14[Difficulty],'Verbal Stats'!O14) -> 125 | T14: Low | U14: =W14/V14 -> #DIV/0! | V14: =COUNTIFS(Table11[Date],"<>",Table11[Diffculty],'Verbal Stats'!$T14,Table11[Q. Type],"=SC") -> 0 | W14: =COUNTIFS(Table11[Diffculty],'Verbal Stats'!$T14,Table11[Correct/ Incorrect],"=Correct",Table11[Q. Type],"=SC") -> 0 | Y14: Low | Z14: =AB14/AA14 -> 0.88235294 | AA14: =COUNTIFS(Table11[Date],"<>",Table11[Diffculty],'Verbal Stats'!$Y14,Table11[Q. Type],"=CR") -> 17 | AB14: =COUNTIFS(Table11[Diffculty],'Verbal Stats'!$Y14,Table11[Correct/ Incorrect],"=Correct",Table11[Q. Type],"=CR") -> 15
O15: Medium | P15: =R15/Q15 -> 0.89855072 | Q15: =COUNTIFS(Table14[Date],"<>",Table14[Difficulty],'Verbal Stats'!$O15) -> 207 | R15: =COUNTIFS(Table14[Correct/ Incorrect],"=Correct",Table14[Difficulty],'Verbal Stats'!O15) -> 186 | T15: Medium | U15: =W15/V15 -> 0.7037037 | V15: =COUNTIFS(Table11[Date],"<>",Table11[Diffculty],'Verbal Stats'!$T15,Table11[Q. Type],"=SC") -> 270 | W15: =COUNTIFS(Table11[Diffculty],'Verbal Stats'!$T15,Table11[Correct/ Incorrect],"=Correct",Table11[Q. Type],"=SC") -> 190 | Y15: Medium | Z15: =AB15/AA15 -> 0.80603448 | AA15: =COUNTIFS(Table11[Date],"<>",Table11[Diffculty],'Verbal Stats'!$Y15,Table11[Q. Type],"=CR") -> 232 | AB15: =COUNTIFS(Table11[Diffculty],'Verbal Stats'!$Y15,Table11[Correct/ Incorrect],"=Correct",Table11[Q. Type],"=CR") -> 187
O16: Hard | P16: =R16/Q16 -> 0.78313253 | Q16: =COUNTIFS(Table14[Date],"<>",Table14[Difficulty],'Verbal Stats'!$O16) -> 83 | R16: =COUNTIFS(Table14[Correct/ Incorrect],"=Correct",Table14[Difficulty],'Verbal Stats'!O16) -> 65 | T16: High | U16: =W16/V16 -> #DIV/0! | V16: =COUNTIFS(Table11[Date],"<>",Table11[Diffculty],'Verbal Stats'!$T16,Table11[Q. Type],"=SC") -> 0 | W16: =COUNTIFS(Table11[Diffculty],'Verbal Stats'!$T16,Table11[Correct/ Incorrect],"=Correct",Table11[Q. Type],"=SC") -> 0 | Y16: High | Z16: =AB16/AA16 -> 0.60365854 | AA16: =COUNTIFS(Table11[Date],"<>",Table11[Diffculty],'Verbal Stats'!$Y16,Table11[Q. Type],"=CR") -> 164 | AB16: =COUNTIFS(Table11[Diffculty],'Verbal Stats'!$Y16,Table11[Correct/ Incorrect],"=Correct",Table11[Q. Type],"=CR") -> 99
O17: V Hard | P17: =R17/Q17 -> 0.56043956 | Q17: =COUNTIFS(Table14[Date],"<>",Table14[Difficulty],'Verbal Stats'!$O17) -> 91 | R17: =COUNTIFS(Table14[Correct/ Incorrect],"=Correct",Table14[Difficulty],'Verbal Stats'!O17) -> 51 | T17: V High | U17: =W17/V17 -> #DIV/0! | V17: =COUNTIFS(Table11[Date],"<>",Table11[Diffculty],'Verbal Stats'!$T17,Table11[Q. Type],"=SC") -> 0 | W17: =COUNTIFS(Table11[Diffculty],'Verbal Stats'!$T17,Table11[Correct/ Incorrect],"=Correct",Table11[Q. Type],"=SC") -> 0 | Y17: V High | Z17: =AB17/AA17 -> 0.4 | AA17: =COUNTIFS(Table11[Date],"<>",Table11[Diffculty],'Verbal Stats'!$Y17,Table11[Q. Type],"=CR") -> 25 | AB17: =COUNTIFS(Table11[Diffculty],'Verbal Stats'!$Y17,Table11[Correct/ Incorrect],"=Correct",Table11[Q. Type],"=CR") -> 10
O18: Total | P18: =R18/Q18 -> 0.83235867 | Q18: =SUM(Q14:Q17) -> 513 | R18: =SUM(R14:R17) -> 427 | T18: Easy | U18: =W18/V18 -> 0.9 | V18: =COUNTIFS(Table11[Date],"<>",Table11[Diffculty],'Verbal Stats'!$T18,Table11[Q. Type],"=SC") -> 20 | W18: =COUNTIFS(Table11[Diffculty],'Verbal Stats'!$T18,Table11[Correct/ Incorrect],"=Correct",Table11[Q. Type],"=SC") -> 18 | Y18: Easy | Z18: =AB18/AA18 -> #DIV/0! | AA18: =COUNTIFS(Table11[Date],"<>",Table11[Diffculty],'Verbal Stats'!$Y18,Table11[Q. Type],"=CR") -> 0 | AB18: =COUNTIFS(Table11[Diffculty],'Verbal Stats'!$Y18,Table11[Correct/ Incorrect],"=Correct",Table11[Q. Type],"=CR") -> 0
T19: Hard | U19: =W19/V19 -> 0.46376812 | V19: =COUNTIFS(Table11[Date],"<>",Table11[Diffculty],'Verbal Stats'!$T19,Table11[Q. Type],"=SC") -> 138 | W19: =COUNTIFS(Table11[Diffculty],'Verbal Stats'!$T19,Table11[Correct/ Incorrect],"=Correct",Table11[Q. Type],"=SC") -> 64 | Y19: Hard | Z19: =AB19/AA19 -> #DIV/0! | AA19: =COUNTIFS(Table11[Date],"<>",Table11[Diffculty],'Verbal Stats'!$Y19,Table11[Q. Type],"=CR") -> 0 | AB19: =COUNTIFS(Table11[Diffculty],'Verbal Stats'!$Y19,Table11[Correct/ Incorrect],"=Correct",Table11[Q. Type],"=CR") -> 0
D20: RC | G20: SC | J20: CR | T20: V. Hard | U20: =W20/V20 -> 0.47058824 | V20: =COUNTIFS(Table11[Date],"<>",Table11[Diffculty],'Verbal Stats'!$T20,Table11[Q. Type],"=SC") -> 17 | W20: =COUNTIFS(Table11[Diffculty],'Verbal Stats'!$T20,Table11[Correct/ Incorrect],"=Correct",Table11[Q. Type],"=SC") -> 8 | Y20: V. Hard | Z20: =AB20/AA20 -> #DIV/0! | AA20: =COUNTIFS(Table11[Date],"<>",Table11[Diffculty],'Verbal Stats'!$Y20,Table11[Q. Type],"=CR") -> 0 | AB20: =COUNTIFS(Table11[Diffculty],'Verbal Stats'!$Y20,Table11[Correct/ Incorrect],"=Correct",Table11[Q. Type],"=CR") -> 0
C21: Date | D21: Accuracy (%) | E21: Total | F21: Correct | G21: Accuracy (%) | H21: Total | I21: Correct | J21: Accuracy (%) | K21: Total | L21: Correct | M21: Total | N21: Correct | O21: Overall | T21: Total | U21: =W21/V21 -> 0.62921348 | V21: =SUM(V14:V20) -> 445 | W21: =SUM(W14:W20) -> 280 | Y21: Total | Z21: =AB21/AA21 -> 0.71004566 | AA21: =SUM(AA14:AA20) -> 438 | AB21: =SUM(AB14:AB20) -> 311
C22: 44053 | D22: =IFERROR(F22/E22,"") -> 0.85 | E22: =COUNTIFS(Table14[Date],C22) -> 20 | F22: =COUNTIFS(Table14[Date],C22,Table14[Correct/ Incorrect],"=Correct") -> 17 | G22: =IFERROR(I22/H22,"") -> 0.65 | H22: =COUNTIFS(Table11[Date],C22,Table11[Q. Type],"=SC") -> 20 | I22: =COUNTIFS(Table11[Date],C22,Table11[Q. Type],"=SC",Table11[Correct/ Incorrect],"=Correct") -> 13 | J22: =IFERROR(L22/K22,"") -> 0.6 | K22: =COUNTIFS(Table11[Date],C22,Table11[Q. Type],"=CR") -> 20 | L22: =COUNTIFS(Table11[Date],C22,Table11[Q. Type],"=CR",Table11[Correct/ Incorrect],"=Correct") -> 12 | M22: =K22+H22+E22 -> 60 | N22: =L22+I22+F22 -> 42 | O22: =IFERROR(N22/M22,"") -> 0.7
C23: 44054 | D23: =IFERROR(F23/E23,"") | E23: =COUNTIFS(Table14[Date],C23) -> 0 | F23: =COUNTIFS(Table14[Date],C23,Table14[Correct/ Incorrect],"=Correct") -> 0 | G23: =IFERROR(I23/H23,"") | H23: =COUNTIFS(Table11[Date],C23,Table11[Q. Type],"=SC") -> 0 | I23: =COUNTIFS(Table11[Date],C23,Table11[Q. Type],"=SC",Table11[Correct/ Incorrect],"=Correct") -> 0 | J23: =IFERROR(L23/K23,"") | K23: =COUNTIFS(Table11[Date],C23,Table11[Q. Type],"=CR") -> 0 | L23: =COUNTIFS(Table11[Date],C23,Table11[Q. Type],"=CR",Table11[Correct/ Incorrect],"=Correct") -> 0 | M23: =K23+H23+E23 -> 0 | N23: =L23+I23+F23 -> 0 | O23: =IFERROR(N23/M23,"") | T23: Area | U23: Accuracy (%) | V23: Total attempts | W23: Correct attempt | Y23: Area | Z23: Accuracy (%) | AA23: Total attempts | AB23: Correct attempt
C24: 44055 | D24: =IFERROR(F24/E24,"") | E24: =COUNTIFS(Table14[Date],C24) -> 0 | F24: =COUNTIFS(Table14[Date],C24,Table14[Correct/ Incorrect],"=Correct") -> 0 | G24: =IFERROR(I24/H24,"") -> 0.45 | H24: =COUNTIFS(Table11[Date],C24,Table11[Q. Type],"=SC") -> 20 | I24: =COUNTIFS(Table11[Date],C24,Table11[Q. Type],"=SC",Table11[Correct/ Incorrect],"=Correct") -> 9 | J24: =IFERROR(L24/K24,"") | K24: =COUNTIFS(Table11[Date],C24,Table11[Q. Type],"=CR") -> 0 | L24: =COUNTIFS(Table11[Date],C24,Table11[Q. Type],"=CR",Table11[Correct/ Incorrect],"=Correct") -> 0 | M24: =K24+H24+E24 -> 20 | N24: =L24+I24+F24 -> 9 | O24: =IFERROR(N24/M24,"") -> 0.45 | T24: Comparisons | U24: =W24/V24 -> 0.60714286 | V24: =COUNTIFS(Table11[Date],"<>",Table11[Area],'Verbal Stats'!T24) -> 56 | W24: =COUNTIFS(Table11[Correct/ Incorrect],"=Correct",Table11[Area],'Verbal Stats'!T24) -> 34 | Y24: Assumption | Z24: =AB24/AA24 -> 0.66666667 | AA24: =COUNTIFS(Table11[Date],"<>",Table11[Area],'Verbal Stats'!Y24) -> 57 | AB24: =COUNTIFS(Table11[Correct/ Incorrect],"=Correct",Table11[Area],'Verbal Stats'!Y24) -> 38
C25: 44056 | D25: =IFERROR(F25/E25,"") | E25: =COUNTIFS(Table14[Date],C25) -> 0 | F25: =COUNTIFS(Table14[Date],C25,Table14[Correct/ Incorrect],"=Correct") -> 0 | G25: =IFERROR(I25/H25,"") | H25: =COUNTIFS(Table11[Date],C25,Table11[Q. Type],"=SC") -> 0 | I25: =COUNTIFS(Table11[Date],C25,Table11[Q. Type],"=SC",Table11[Correct/ Incorrect],"=Correct") -> 0 | J25: =IFERROR(L25/K25,"") | K25: =COUNTIFS(Table11[Date],C25,Table11[Q. Type],"=CR") -> 0 | L25: =COUNTIFS(Table11[Date],C25,Table11[Q. Type],"=CR",Table11[Correct/ Incorrect],"=Correct") -> 0 | M25: =K25+H25+E25 -> 0 | N25: =L25+I25+F25 -> 0 | O25: =IFERROR(N25/M25,"") | T25: Idioms | U25: =W25/V25 -> 0.64864865 | V25: =COUNTIFS(Table11[Date],"<>",Table11[Area],'Verbal Stats'!T25) -> 37 | W25: =COUNTIFS(Table11[Correct/ Incorrect],"=Correct",Table11[Area],'Verbal Stats'!T25) -> 24 | Y25: Complete the Passage | Z25: =AB25/AA25 -> 0.89655172 | AA25: =COUNTIFS(Table11[Date],"<>",Table11[Area],'Verbal Stats'!Y25) -> 29 | AB25: =COUNTIFS(Table11[Correct/ Incorrect],"=Correct",Table11[Area],'Verbal Stats'!Y25) -> 26
C26: 44057 | D26: =IFERROR(F26/E26,"") | E26: =COUNTIFS(Table14[Date],C26) -> 0 | F26: =COUNTIFS(Table14[Date],C26,Table14[Correct/ Incorrect],"=Correct") -> 0 | G26: =IFERROR(I26/H26,"") | H26: =COUNTIFS(Table11[Date],C26,Table11[Q. Type],"=SC") -> 0 | I26: =COUNTIFS(Table11[Date],C26,Table11[Q. Type],"=SC",Table11[Correct/ Incorrect],"=Correct") -> 0 | J26: =IFERROR(L26/K26,"") | K26: =COUNTIFS(Table11[Date],C26,Table11[Q. Type],"=CR") -> 0 | L26: =COUNTIFS(Table11[Date],C26,Table11[Q. Type],"=CR",Table11[Correct/ Incorrect],"=Correct") -> 0 | M26: =K26+H26+E26 -> 0 | N26: =L26+I26+F26 -> 0 | O26: =IFERROR(N26/M26,"") | T26: Meaning | U26: =W26/V26 -> 0.66666667 | V26: =COUNTIFS(Table11[Date],"<>",Table11[Area],'Verbal Stats'!T26) -> 12 | W26: =COUNTIFS(Table11[Correct/ Incorrect],"=Correct",Table11[Area],'Verbal Stats'!T26) -> 8 | Y26: Weaken | Z26: =AB26/AA26 -> 0.73394495 | AA26: =COUNTIFS(Table11[Date],"<>",Table11[Area],'Verbal Stats'!Y26) -> 109 | AB26: =COUNTIFS(Table11[Correct/ Incorrect],"=Correct",Table11[Area],'Verbal Stats'!Y26) -> 80
C27: 44058 | D27: =IFERROR(F27/E27,"") -> 0.92307692 | E27: =COUNTIFS(Table14[Date],C27) -> 13 | F27: =COUNTIFS(Table14[Date],C27,Table14[Correct/ Incorrect],"=Correct") -> 12 | G27: =IFERROR(I27/H27,"") | H27: =COUNTIFS(Table11[Date],C27,Table11[Q. Type],"=SC") -> 0 | I27: =COUNTIFS(Table11[Date],C27,Table11[Q. Type],"=SC",Table11[Correct/ Incorrect],"=Correct") -> 0 | J27: =IFERROR(L27/K27,"") -> 0.55 | K27: =COUNTIFS(Table11[Date],C27,Table11[Q. Type],"=CR") -> 20 | L27: =COUNTIFS(Table11[Date],C27,Table11[Q. Type],"=CR",Table11[Correct/ Incorrect],"=Correct") -> 11 | M27: =K27+H27+E27 -> 33 | N27: =L27+I27+F27 -> 23 | O27: =IFERROR(N27/M27,"") -> 0.6969697 | T27: Modifiers | U27: =W27/V27 -> 0.68 | V27: =COUNTIFS(Table11[Date],"<>",Table11[Area],'Verbal Stats'!T27) -> 75 | W27: =COUNTIFS(Table11[Correct/ Incorrect],"=Correct",Table11[Area],'Verbal Stats'!T27) -> 51 | Y27: Inference | Z27: =AB27/AA27 -> 0.77777778 | AA27: =COUNTIFS(Table11[Date],"<>",Table11[Area],'Verbal Stats'!Y27) -> 54 | AB27: =COUNTIFS(Table11[Correct/ Incorrect],"=Correct",Table11[Area],'Verbal Stats'!Y27) -> 42
C28: 44059 | D28: =IFERROR(F28/E28,"") | E28: =COUNTIFS(Table14[Date],C28) -> 0 | F28: =COUNTIFS(Table14[Date],C28,Table14[Correct/ Incorrect],"=Correct") -> 0 | G28: =IFERROR(I28/H28,"") | H28: =COUNTIFS(Table11[Date],C28,Table11[Q. Type],"=SC") -> 0 | I28: =COUNTIFS(Table11[Date],C28,Table11[Q. Type],"=SC",Table11[Correct/ Incorrect],"=Correct") -> 0 | J28: =IFERROR(L28/K28,"") | K28: =COUNTIFS(Table11[Date],C28,Table11[Q. Type],"=CR") -> 0 | L28: =COUNTIFS(Table11[Date],C28,Table11[Q. Type],"=CR",Table11[Correct/ Incorrect],"=Correct") -> 0 | M28: =K28+H28+E28 -> 0 | N28: =L28+I28+F28 -> 0 | O28: =IFERROR(N28/M28,"") | T28: None | U28: =W28/V28 -> 0.33333333 | V28: =COUNTIFS(Table11[Date],"<>",Table11[Area],'Verbal Stats'!T28) -> 9 | W28: =COUNTIFS(Table11[Correct/ Incorrect],"=Correct",Table11[Area],'Verbal Stats'!T28) -> 3 | Y28: Strengthen | Z28: =AB28/AA28 -> 0.65 | AA28: =COUNTIFS(Table11[Date],"<>",Table11[Area],'Verbal Stats'!Y28) -> 80 | AB28: =COUNTIFS(Table11[Correct/ Incorrect],"=Correct",Table11[Area],'Verbal Stats'!Y28) -> 52
C29: 44060 | D29: =IFERROR(F29/E29,"") -> 0.84210526 | E29: =COUNTIFS(Table14[Date],C29) -> 19 | F29: =COUNTIFS(Table14[Date],C29,Table14[Correct/ Incorrect],"=Correct") -> 16 | G29: =IFERROR(I29/H29,"") -> 0.73333333 | H29: =COUNTIFS(Table11[Date],C29,Table11[Q. Type],"=SC") -> 15 | I29: =COUNTIFS(Table11[Date],C29,Table11[Q. Type],"=SC",Table11[Correct/ Incorrect],"=Correct") -> 11 | J29: =IFERROR(L29/K29,"") -> 0.64285714 | K29: =COUNTIFS(Table11[Date],C29,Table11[Q. Type],"=CR") -> 14 | L29: =COUNTIFS(Table11[Date],C29,Table11[Q. Type],"=CR",Table11[Correct/ Incorrect],"=Correct") -> 9 | M29: =K29+H29+E29 -> 48 | N29: =L29+I29+F29 -> 36 | O29: =IFERROR(N29/M29,"") -> 0.75 | T29: Parallelism | U29: =W29/V29 -> 0.6302521 | V29: =COUNTIFS(Table11[Date],"<>",Table11[Area],'Verbal Stats'!T29) -> 119 | W29: =COUNTIFS(Table11[Correct/ Incorrect],"=Correct",Table11[Area],'Verbal Stats'!T29) -> 75 | Y29: Paradox | Z29: =AB29/AA29 -> 0.72727273 | AA29: =COUNTIFS(Table11[Date],"<>",Table11[Area],'Verbal Stats'!Y29) -> 33 | AB29: =COUNTIFS(Table11[Correct/ Incorrect],"=Correct",Table11[Area],'Verbal Stats'!Y29) -> 24
C30: 44061 | D30: =IFERROR(F30/E30,"") | E30: =COUNTIFS(Table14[Date],C30) -> 0 | F30: =COUNTIFS(Table14[Date],C30,Table14[Correct/ Incorrect],"=Correct") -> 0 | G30: =IFERROR(I30/H30,"") -> 0.8125 | H30: =COUNTIFS(Table11[Date],C30,Table11[Q. Type],"=SC") -> 16 | I30: =COUNTIFS(Table11[Date],C30,Table11[Q. Type],"=SC",Table11[Correct/ Incorrect],"=Correct") -> 13 | J30: =IFERROR(L30/K30,"") -> 0.71428571 | K30: =COUNTIFS(Table11[Date],C30,Table11[Q. Type],"=CR") -> 14 | L30: =COUNTIFS(Table11[Date],C30,Table11[Q. Type],"=CR",Table11[Correct/ Incorrect],"=Correct") -> 10 | M30: =K30+H30+E30 -> 30 | N30: =L30+I30+F30 -> 23 | O30: =IFERROR(N30/M30,"") -> 0.76666667 | T30: Pronouns | U30: =W30/V30 -> 0.58333333 | V30: =COUNTIFS(Table11[Date],"<>",Table11[Area],'Verbal Stats'!T30) -> 24 | W30: =COUNTIFS(Table11[Correct/ Incorrect],"=Correct",Table11[Area],'Verbal Stats'!T30) -> 14 | Y30: Evaluate | Z30: =AB30/AA30 -> 0.58064516 | AA30: =COUNTIFS(Table11[Date],"<>",Table11[Area],'Verbal Stats'!Y30) -> 31 | AB30: =COUNTIFS(Table11[Correct/ Incorrect],"=Correct",Table11[Area],'Verbal Stats'!Y30) -> 18
C31: 44062 | D31: =IFERROR(F31/E31,"") | E31: =COUNTIFS(Table14[Date],C31) -> 0 | F31: =COUNTIFS(Table14[Date],C31,Table14[Correct/ Incorrect],"=Correct") -> 0 | G31: =IFERROR(I31/H31,"") -> 0.5625 | H31: =COUNTIFS(Table11[Date],C31,Table11[Q. Type],"=SC") -> 16 | I31: =COUNTIFS(Table11[Date],C31,Table11[Q. Type],"=SC",Table11[Correct/ Incorrect],"=Correct") -> 9 | J31: =IFERROR(L31/K31,"") -> 0.75 | K31: =COUNTIFS(Table11[Date],C31,Table11[Q. Type],"=CR") -> 16 | L31: =COUNTIFS(Table11[Date],C31,Table11[Q. Type],"=CR",Table11[Correct/ Incorrect],"=Correct") -> 12 | M31: =K31+H31+E31 -> 32 | N31: =L31+I31+F31 -> 21 | O31: =IFERROR(N31/M31,"") -> 0.65625 | T31: Punctuation | U31: =W31/V31 -> 1 | V31: =COUNTIFS(Table11[Date],"<>",Table11[Area],'Verbal Stats'!T31) -> 1 | W31: =COUNTIFS(Table11[Correct/ Incorrect],"=Correct",Table11[Area],'Verbal Stats'!T31) -> 1 | Y31: Others | Z31: =AB31/AA31 -> 1 | AA31: =COUNTIFS(Table11[Date],"<>",Table11[Area],'Verbal Stats'!Y31) -> 1 | AB31: =COUNTIFS(Table11[Correct/ Incorrect],"=Correct",Table11[Area],'Verbal Stats'!Y31) -> 1
C32: 44063 | D32: =IFERROR(F32/E32,"") | E32: =COUNTIFS(Table14[Date],C32) -> 0 | F32: =COUNTIFS(Table14[Date],C32,Table14[Correct/ Incorrect],"=Correct") -> 0 | G32: =IFERROR(I32/H32,"") -> 0.6875 | H32: =COUNTIFS(Table11[Date],C32,Table11[Q. Type],"=SC") -> 16 | I32: =COUNTIFS(Table11[Date],C32,Table11[Q. Type],"=SC",Table11[Correct/ Incorrect],"=Correct") -> 11 | J32: =IFERROR(L32/K32,"") -> 0.6875 | K32: =COUNTIFS(Table11[Date],C32,Table11[Q. Type],"=CR") -> 16 | L32: =COUNTIFS(Table11[Date],C32,Table11[Q. Type],"=CR",Table11[Correct/ Incorrect],"=Correct") -> 11 | M32: =K32+H32+E32 -> 32 | N32: =L32+I32+F32 -> 22 | O32: =IFERROR(N32/M32,"") -> 0.6875 | T32: Style | U32: =W32/V32 -> 0.58928571 | V32: =COUNTIFS(Table11[Date],"<>",Table11[Area],'Verbal Stats'!T32) -> 56 | W32: =COUNTIFS(Table11[Correct/ Incorrect],"=Correct",Table11[Area],'Verbal Stats'!T32) -> 33 | Y32: Bold Face | Z32: =AB32/AA32 -> 0.83333333 | AA32: =COUNTIFS(Table11[Date],"<>",Table11[Area],'Verbal Stats'!Y32) -> 18 | AB32: =COUNTIFS(Table11[Correct/ Incorrect],"=Correct",Table11[Area],'Verbal Stats'!Y32) -> 15
C33: 44064 | D33: =IFERROR(F33/E33,"") -> 0.77777778 | E33: =COUNTIFS(Table14[Date],C33) -> 18 | F33: =COUNTIFS(Table14[Date],C33,Table14[Correct/ Incorrect],"=Correct") -> 14 | G33: =IFERROR(I33/H33,"") -> 0.375 | H33: =COUNTIFS(Table11[Date],C33,Table11[Q. Type],"=SC") -> 16 | I33: =COUNTIFS(Table11[Date],C33,Table11[Q. Type],"=SC",Table11[Correct/ Incorrect],"=Correct") -> 6 | J33: =IFERROR(L33/K33,"") -> 0.75 | K33: =COUNTIFS(Table11[Date],C33,Table11[Q. Type],"=CR") -> 16 | L33: =COUNTIFS(Table11[Date],C33,Table11[Q. Type],"=CR",Table11[Correct/ Incorrect],"=Correct") -> 12 | M33: =K33+H33+E33 -> 50 | N33: =L33+I33+F33 -> 32 | O33: =IFERROR(N33/M33,"") -> 0.64 | T33: SV Agreement | U33: =W33/V33 -> 0.6 | V33: =COUNTIFS(Table11[Date],"<>",Table11[Area],'Verbal Stats'!T33) -> 20 | W33: =COUNTIFS(Table11[Correct/ Incorrect],"=Correct",Table11[Area],'Verbal Stats'!T33) -> 12 | Y33: Logical Flaw | Z33: =AB33/AA33 -> 0.54545455 | AA33: =COUNTIFS(Table11[Date],"<>",Table11[Area],'Verbal Stats'!Y33) -> 11 | AB33: =COUNTIFS(Table11[Correct/ Incorrect],"=Correct",Table11[Area],'Verbal Stats'!Y33) -> 6
C34: 44065 | D34: =IFERROR(F34/E34,"") | E34: =COUNTIFS(Table14[Date],C34) -> 0 | F34: =COUNTIFS(Table14[Date],C34,Table14[Correct/ Incorrect],"=Correct") -> 0 | G34: =IFERROR(I34/H34,"") | H34: =COUNTIFS(Table11[Date],C34,Table11[Q. Type],"=SC") -> 0 | I34: =COUNTIFS(Table11[Date],C34,Table11[Q. Type],"=SC",Table11[Correct/ Incorrect],"=Correct") -> 0 | J34: =IFERROR(L34/K34,"") | K34: =COUNTIFS(Table11[Date],C34,Table11[Q. Type],"=CR") -> 0 | L34: =COUNTIFS(Table11[Date],C34,Table11[Q. Type],"=CR",Table11[Correct/ Incorrect],"=Correct") -> 0 | M34: =K34+H34+E34 -> 0 | N34: =L34+I34+F34 -> 0 | O34: =IFERROR(N34/M34,"") | T34: Verb Tenses | U34: =W34/V34 -> 0.69444444 | V34: =COUNTIFS(Table11[Date],"<>",Table11[Area],'Verbal Stats'!T34) -> 36 | W34: =COUNTIFS(Table11[Correct/ Incorrect],"=Correct",Table11[Area],'Verbal Stats'!T34) -> 25 | Y34: Similar Reasoning | Z34: =AB34/AA34 -> 0.5 | AA34: =COUNTIFS(Table11[Date],"<>",Table11[Area],'Verbal Stats'!Y34) -> 2 | AB34: =COUNTIFS(Table11[Correct/ Incorrect],"=Correct",Table11[Area],'Verbal Stats'!Y34) -> 1
C35: 44066 | D35: =IFERROR(F35/E35,"") | E35: =COUNTIFS(Table14[Date],C35) -> 0 | F35: =COUNTIFS(Table14[Date],C35,Table14[Correct/ Incorrect],"=Correct") -> 0 | G35: =IFERROR(I35/H35,"") | H35: =COUNTIFS(Table11[Date],C35,Table11[Q. Type],"=SC") -> 0 | I35: =COUNTIFS(Table11[Date],C35,Table11[Q. Type],"=SC",Table11[Correct/ Incorrect],"=Correct") -> 0 | J35: =IFERROR(L35/K35,"") | K35: =COUNTIFS(Table11[Date],C35,Table11[Q. Type],"=CR") -> 0 | L35: =COUNTIFS(Table11[Date],C35,Table11[Q. Type],"=CR",Table11[Correct/ Incorrect],"=Correct") -> 0 | M35: =K35+H35+E35 -> 0 | N35: =L35+I35+F35 -> 0 | O35: =IFERROR(N35/M35,"") | Y35: Method of Reasoning | Z35: =AB35/AA35 -> 0.61538462 | AA35: =COUNTIFS(Table11[Date],"<>",Table11[Area],'Verbal Stats'!Y35) -> 13 | AB35: =COUNTIFS(Table11[Correct/ Incorrect],"=Correct",Table11[Area],'Verbal Stats'!Y35) -> 8
C36: 44067 | D36: =IFERROR(F36/E36,"") -> 0.81818182 | E36: =COUNTIFS(Table14[Date],C36) -> 22 | F36: =COUNTIFS(Table14[Date],C36,Table14[Correct/ Incorrect],"=Correct") -> 18 | G36: =IFERROR(I36/H36,"") | H36: =COUNTIFS(Table11[Date],C36,Table11[Q. Type],"=SC") -> 0 | I36: =COUNTIFS(Table11[Date],C36,Table11[Q. Type],"=SC",Table11[Correct/ Incorrect],"=Correct") -> 0 | J36: =IFERROR(L36/K36,"") | K36: =COUNTIFS(Table11[Date],C36,Table11[Q. Type],"=CR") -> 0 | L36: =COUNTIFS(Table11[Date],C36,Table11[Q. Type],"=CR",Table11[Correct/ Incorrect],"=Correct") -> 0 | M36: =K36+H36+E36 -> 22 | N36: =L36+I36+F36 -> 18 | O36: =IFERROR(N36/M36,"") -> 0.81818182
C37: 44068 | D37: =IFERROR(F37/E37,"") -> 1 | E37: =COUNTIFS(Table14[Date],C37) -> 4 | F37: =COUNTIFS(Table14[Date],C37,Table14[Correct/ Incorrect],"=Correct") -> 4 | G37: =IFERROR(I37/H37,"") -> 0.73333333 | H37: =COUNTIFS(Table11[Date],C37,Table11[Q. Type],"=SC") -> 15 | I37: =COUNTIFS(Table11[Date],C37,Table11[Q. Type],"=SC",Table11[Correct/ Incorrect],"=Correct") -> 11 | J37: =IFERROR(L37/K37,"") -> 0.4 | K37: =COUNTIFS(Table11[Date],C37,Table11[Q. Type],"=CR") -> 15 | L37: =COUNTIFS(Table11[Date],C37,Table11[Q. Type],"=CR",Table11[Correct/ Incorrect],"=Correct") -> 6 | M37: =K37+H37+E37 -> 34 | N37: =L37+I37+F37 -> 21 | O37: =IFERROR(N37/M37,"") -> 0.61764706
C38: 44069 | D38: =IFERROR(F38/E38,"") | E38: =COUNTIFS(Table14[Date],C38) -> 0 | F38: =COUNTIFS(Table14[Date],C38,Table14[Correct/ Incorrect],"=Correct") -> 0 | G38: =IFERROR(I38/H38,"") | H38: =COUNTIFS(Table11[Date],C38,Table11[Q. Type],"=SC") -> 0 | I38: =COUNTIFS(Table11[Date],C38,Table11[Q. Type],"=SC",Table11[Correct/ Incorrect],"=Correct") -> 0 | J38: =IFERROR(L38/K38,"") | K38: =COUNTIFS(Table11[Date],C38,Table11[Q. Type],"=CR") -> 0 | L38: =COUNTIFS(Table11[Date],C38,Table11[Q. Type],"=CR",Table11[Correct/ Incorrect],"=Correct") -> 0 | M38: =K38+H38+E38 -> 0 | N38: =L38+I38+F38 -> 0 | O38: =IFERROR(N38/M38,"")
C39: 44070 | D39: =IFERROR(F39/E39,"") -> 0.78947368 | E39: =COUNTIFS(Table14[Date],C39) -> 19 | F39: =COUNTIFS(Table14[Date],C39,Table14[Correct/ Incorrect],"=Correct") -> 15 | G39: =IFERROR(I39/H39,"") | H39: =COUNTIFS(Table11[Date],C39,Table11[Q. Type],"=SC") -> 0 | I39: =COUNTIFS(Table11[Date],C39,Table11[Q. Type],"=SC",Table11[Correct/ Incorrect],"=Correct") -> 0 | J39: =IFERROR(L39/K39,"") | K39: =COUNTIFS(Table11[Date],C39,Table11[Q. Type],"=CR") -> 0 | L39: =COUNTIFS(Table11[Date],C39,Table11[Q. Type],"=CR",Table11[Correct/ Incorrect],"=Correct") -> 0 | M39: =K39+H39+E39 -> 19 | N39: =L39+I39+F39 -> 15 | O39: =IFERROR(N39/M39,"") -> 0.78947368
C40: 44071 | D40: =IFERROR(F40/E40,"") | E40: =COUNTIFS(Table14[Date],C40) -> 0 | F40: =COUNTIFS(Table14[Date],C40,Table14[Correct/ Incorrect],"=Correct") -> 0 | G40: =IFERROR(I40/H40,"") | H40: =COUNTIFS(Table11[Date],C40,Table11[Q. Type],"=SC") -> 0 | I40: =COUNTIFS(Table11[Date],C40,Table11[Q. Type],"=SC",Table11[Correct/ Incorrect],"=Correct") -> 0 | J40: =IFERROR(L40/K40,"") | K40: =COUNTIFS(Table11[Date],C40,Table11[Q. Type],"=CR") -> 0 | L40: =COUNTIFS(Table11[Date],C40,Table11[Q. Type],"=CR",Table11[Correct/ Incorrect],"=Correct") -> 0 | M40: =K40+H40+E40 -> 0 | N40: =L40+I40+F40 -> 0 | O40: =IFERROR(N40/M40,"")
C41: 44072 | D41: =IFERROR(F41/E41,"") | E41: =COUNTIFS(Table14[Date],C41) -> 0 | F41: =COUNTIFS(Table14[Date],C41,Table14[Correct/ Incorrect],"=Correct") -> 0 | G41: =IFERROR(I41/H41,"") | H41: =COUNTIFS(Table11[Date],C41,Table11[Q. Type],"=SC") -> 0 | I41: =COUNTIFS(Table11[Date],C41,Table11[Q. Type],"=SC",Table11[Correct/ Incorrect],"=Correct") -> 0 | J41: =IFERROR(L41/K41,"") | K41: =COUNTIFS(Table11[Date],C41,Table11[Q. Type],"=CR") -> 0 | L41: =COUNTIFS(Table11[Date],C41,Table11[Q. Type],"=CR",Table11[Correct/ Incorrect],"=Correct") -> 0 | M41: =K41+H41+E41 -> 0 | N41: =L41+I41+F41 -> 0 | O41: =IFERROR(N41/M41,"")
C42: 44073 | D42: =IFERROR(F42/E42,"") | E42: =COUNTIFS(Table14[Date],C42) -> 0 | F42: =COUNTIFS(Table14[Date],C42,Table14[Correct/ Incorrect],"=Correct") -> 0 | G42: =IFERROR(I42/H42,"") | H42: =COUNTIFS(Table11[Date],C42,Table11[Q. Type],"=SC") -> 0 | I42: =COUNTIFS(Table11[Date],C42,Table11[Q. Type],"=SC",Table11[Correct/ Incorrect],"=Correct") -> 0 | J42: =IFERROR(L42/K42,"") | K42: =COUNTIFS(Table11[Date],C42,Table11[Q. Type],"=CR") -> 0 | L42: =COUNTIFS(Table11[Date],C42,Table11[Q. Type],"=CR",Table11[Correct/ Incorrect],"=Correct") -> 0 | M42: =K42+H42+E42 -> 0 | N42: =L42+I42+F42 -> 0 | O42: =IFERROR(N42/M42,"")
C43: 44074 | D43: =IFERROR(F43/E43,"") -> 0.84210526 | E43: =COUNTIFS(Table14[Date],C43) -> 19 | F43: =COUNTIFS(Table14[Date],C43,Table14[Correct/ Incorrect],"=Correct") -> 16 | G43: =IFERROR(I43/H43,"") -> 0.73333333 | H43: =COUNTIFS(Table11[Date],C43,Table11[Q. Type],"=SC") -> 15 | I43: =COUNTIFS(Table11[Date],C43,Table11[Q. Type],"=SC",Table11[Correct/ Incorrect],"=Correct") -> 11 | J43: =IFERROR(L43/K43,"") -> 0.86666667 | K43: =COUNTIFS(Table11[Date],C43,Table11[Q. Type],"=CR") -> 15 | L43: =COUNTIFS(Table11[Date],C43,Table11[Q. Type],"=CR",Table11[Correct/ Incorrect],"=Correct") -> 13 | M43: =K43+H43+E43 -> 49 | N43: =L43+I43+F43 -> 40 | O43: =IFERROR(N43/M43,"") -> 0.81632653
C44: 44075 | D44: =IFERROR(F44/E44,"") -> 0.95 | E44: =COUNTIFS(Table14[Date],C44) -> 20 | F44: =COUNTIFS(Table14[Date],C44,Table14[Correct/ Incorrect],"=Correct") -> 19 | G44: =IFERROR(I44/H44,"") -> 0.73333333 | H44: =COUNTIFS(Table11[Date],C44,Table11[Q. Type],"=SC") -> 15 | I44: =COUNTIFS(Table11[Date],C44,Table11[Q. Type],"=SC",Table11[Correct/ Incorrect],"=Correct") -> 11 | J44: =IFERROR(L44/K44,"") -> 0.86666667 | K44: =COUNTIFS(Table11[Date],C44,Table11[Q. Type],"=CR") -> 15 | L44: =COUNTIFS(Table11[Date],C44,Table11[Q. Type],"=CR",Table11[Correct/ Incorrect],"=Correct") -> 13 | M44: =K44+H44+E44 -> 50 | N44: =L44+I44+F44 -> 43 | O44: =IFERROR(N44/M44,"") -> 0.86
C45: 44076 | D45: =IFERROR(F45/E45,"") | E45: =COUNTIFS(Table14[Date],C45) -> 0 | F45: =COUNTIFS(Table14[Date],C45,Table14[Correct/ Incorrect],"=Correct") -> 0 | G45: =IFERROR(I45/H45,"") -> 0.46666667 | H45: =COUNTIFS(Table11[Date],C45,Table11[Q. Type],"=SC") -> 15 | I45: =COUNTIFS(Table11[Date],C45,Table11[Q. Type],"=SC",Table11[Correct/ Incorrect],"=Correct") -> 7 | J45: =IFERROR(L45/K45,"") | K45: =COUNTIFS(Table11[Date],C45,Table11[Q. Type],"=CR") -> 0 | L45: =COUNTIFS(Table11[Date],C45,Table11[Q. Type],"=CR",Table11[Correct/ Incorrect],"=Correct") -> 0 | M45: =K45+H45+E45 -> 15 | N45: =L45+I45+F45 -> 7 | O45: =IFERROR(N45/M45,"") -> 0.46666667
C46: 44077 | D46: =IFERROR(F46/E46,"") -> 0.72 | E46: =COUNTIFS(Table14[Date],C46) -> 25 | F46: =COUNTIFS(Table14[Date],C46,Table14[Correct/ Incorrect],"=Correct") -> 18 | G46: =IFERROR(I46/H46,"") | H46: =COUNTIFS(Table11[Date],C46,Table11[Q. Type],"=SC") -> 0 | I46: =COUNTIFS(Table11[Date],C46,Table11[Q. Type],"=SC",Table11[Correct/ Incorrect],"=Correct") -> 0 | J46: =IFERROR(L46/K46,"") -> 0.8 | K46: =COUNTIFS(Table11[Date],C46,Table11[Q. Type],"=CR") -> 15 | L46: =COUNTIFS(Table11[Date],C46,Table11[Q. Type],"=CR",Table11[Correct/ Incorrect],"=Correct") -> 12 | M46: =K46+H46+E46 -> 40 | N46: =L46+I46+F46 -> 30 | O46: =IFERROR(N46/M46,"") -> 0.75
C47: 44078 | D47: =IFERROR(F47/E47,"") -> 0.9 | E47: =COUNTIFS(Table14[Date],C47) -> 20 | F47: =COUNTIFS(Table14[Date],C47,Table14[Correct/ Incorrect],"=Correct") -> 18 | G47: =IFERROR(I47/H47,"") -> 0.73333333 | H47: =COUNTIFS(Table11[Date],C47,Table11[Q. Type],"=SC") -> 15 | I47: =COUNTIFS(Table11[Date],C47,Table11[Q. Type],"=SC",Table11[Correct/ Incorrect],"=Correct") -> 11 | J47: =IFERROR(L47/K47,"") -> 0.73333333 | K47: =COUNTIFS(Table11[Date],C47,Table11[Q. Type],"=CR") -> 15 | L47: =COUNTIFS(Table11[Date],C47,Table11[Q. Type],"=CR",Table11[Correct/ Incorrect],"=Correct") -> 11 | M47: =K47+H47+E47 -> 50 | N47: =L47+I47+F47 -> 40 | O47: =IFERROR(N47/M47,"") -> 0.8
... C92: 44241 | D92: =IFERROR(F92/E92,"") | E92: =COUNTIFS(Table14[Date],C92) -> 0 | F92: =COUNTIFS(Table14[Date],C92,Table14[Correct/ Incorrect],"=Correct") -> 0 | G92: =IFERROR(I92/H92,"") | H92: =COUNTIFS(Table11[Date],C92,Table11[Q. Type],"=SC") -> 0 | I92: =COUNTIFS(Table11[Date],C92,Table11[Q. Type],"=SC",Table11[Correct/ Incorrect],"=Correct") -> 0 | J92: =IFERROR(L92/K92,"") | K92: =COUNTIFS(Table11[Date],C92,Table11[Q. Type],"=CR") -> 0 | L92: =COUNTIFS(Table11[Date],C92,Table11[Q. Type],"=CR",Table11[Correct/ Incorrect],"=Correct") -> 0 | M92: =K92+H92+E92 -> 0 | N92: =L92+I92+F92 -> 0 | O92: =IFERROR(N92/M92,"")
C93: 44242 | E93: =COUNTIFS(Table14[Date],C93) -> 0 | F93: =COUNTIFS(Table14[Date],C93,Table14[Correct/ Incorrect],"=Correct") -> 0 | G93: =IFERROR(I93/H93,"") | H93: =COUNTIFS(Table11[Date],C93,Table11[Q. Type],"=SC") -> 0 | I93: =COUNTIFS(Table11[Date],C93,Table11[Q. Type],"=SC",Table11[Correct/ Incorrect],"=Correct") -> 0 | J93: =IFERROR(L93/K93,"") | K93: =COUNTIFS(Table11[Date],C93,Table11[Q. Type],"=CR") -> 0 | L93: =COUNTIFS(Table11[Date],C93,Table11[Q. Type],"=CR",Table11[Correct/ Incorrect],"=Correct") -> 0 | M93: =K93+H93+E93 -> 0 | N93: =L93+I93+F93 -> 0 | O93: =IFERROR(N93/M93,"")
C94: 44243 | E94: =COUNTIFS(Table14[Date],C94) -> 0 | F94: =COUNTIFS(Table14[Date],C94,Table14[Correct/ Incorrect],"=Correct") -> 0 | G94: =IFERROR(I94/H94,"") | H94: =COUNTIFS(Table11[Date],C94,Table11[Q. Type],"=SC") -> 0 | I94: =COUNTIFS(Table11[Date],C94,Table11[Q. Type],"=SC",Table11[Correct/ Incorrect],"=Correct") -> 0 | J94: =IFERROR(L94/K94,"") | K94: =COUNTIFS(Table11[Date],C94,Table11[Q. Type],"=CR") -> 0 | L94: =COUNTIFS(Table11[Date],C94,Table11[Q. Type],"=CR",Table11[Correct/ Incorrect],"=Correct") -> 0 | M94: =K94+H94+E94 -> 0 | N94: =L94+I94+F94 -> 0 | O94: =IFERROR(N94/M94,"")
C95: 44244 | E95: =COUNTIFS(Table14[Date],C95) -> 0 | F95: =COUNTIFS(Table14[Date],C95,Table14[Correct/ Incorrect],"=Correct") -> 0 | G95: =IFERROR(I95/H95,"") | H95: =COUNTIFS(Table11[Date],C95,Table11[Q. Type],"=SC") -> 0 | I95: =COUNTIFS(Table11[Date],C95,Table11[Q. Type],"=SC",Table11[Correct/ Incorrect],"=Correct") -> 0 | J95: =IFERROR(L95/K95,"") | K95: =COUNTIFS(Table11[Date],C95,Table11[Q. Type],"=CR") -> 0 | L95: =COUNTIFS(Table11[Date],C95,Table11[Q. Type],"=CR",Table11[Correct/ Incorrect],"=Correct") -> 0 | M95: =K95+H95+E95 -> 0 | N95: =L95+I95+F95 -> 0 | O95: =IFERROR(N95/M95,"")
C96: 44245 | E96: =COUNTIFS(Table14[Date],C96) -> 0 | F96: =COUNTIFS(Table14[Date],C96,Table14[Correct/ Incorrect],"=Correct") -> 0 | G96: =IFERROR(I96/H96,"") | H96: =COUNTIFS(Table11[Date],C96,Table11[Q. Type],"=SC") -> 0 | I96: =COUNTIFS(Table11[Date],C96,Table11[Q. Type],"=SC",Table11[Correct/ Incorrect],"=Correct") -> 0 | J96: =IFERROR(L96/K96,"") | K96: =COUNTIFS(Table11[Date],C96,Table11[Q. Type],"=CR") -> 0 | L96: =COUNTIFS(Table11[Date],C96,Table11[Q. Type],"=CR",Table11[Correct/ Incorrect],"=Correct") -> 0 | M96: =K96+H96+E96 -> 0 | N96: =L96+I96+F96 -> 0 | O96: =IFERROR(N96/M96,"")

Sheet OG-CR & SC
A1: =MID(CELL("filename",A1),FIND("]",CELL("filename",A1))+1,255) -> OG-CR & SC | R1: Questions
B2: Sl No | C2: Source | D2: Link | E2: Q. Type | F2: Area | G2: Sub-area | H2: Diffculty | I2: Date | J2: Correct/ Incorrect | K2: Why I rejected the correct option statement | L2: Why I selected the incorrect option statement | M2: Learning | O2: Label | P2: Column1 | R2: Verbal | S2: Official guide | T2: GMAT Prep | U2: Exam pack | V2: Total
B3: 1 | C3: OG 2019 | D3: Link | E3: CR | F3: Assumption | H3: Low | O3: Official Guide | P3: Official Guides | R3: Critical Reasoning | S3: 565 | T3: 481 | U3: 78 | V3: =SUM(S3:U3) -> 1124
B4: 2 | C4: OG 2019 | D4: Link | E4: CR | F4: Complete the Passage | H4: Low | O4: GMAT Prep | P4: GMAT Prep Question Bank, Exams 1 & 2 and GMAT Paper Tests. | R4: Sentence Correction | S4: 643 | T4: 787 | U4: 121 | V4: =SUM(S4:U4) -> 1551
B5: 3 | C5: OG 2019 | D5: Link | E5: CR | F5: Weaken | H5: Low | O5: Exam Pack | P5: Exam Packs 1 and 2 (Official Mocks 3, 4, 5, and 6) | R5: Reading Comprehension | S5: 663 | T5: 634 | U5: 88 | V5: =SUM(S5:U5) -> 1385
B6: 4 | C6: OG 2019 | D6: Link | E6: CR | F6: Inference | H6: Low | S6: =SUM(S3:S5) -> 1871 | T6: =SUM(T3:T5) -> 1902 | U6: =SUM(U3:U5) -> 287 | V6: =SUM(S6:U6) -> 4060
B7: 5 | C7: OG 2019 | D7: Link | E7: CR | F7: Strengthen | H7: Low
B8: 6 | C8: OG 2019 | D8: Link | E8: CR | F8: Strengthen | H8: Low | R8: Quant | S8: 1939 | T8: 1574 | U8: 297 | V8: =SUM(S8:U8) -> 3810
B9: 7 | C9: OG 2019 | D9: Link | E9: CR | F9: Strengthen | H9: Low
B10: 8 | C10: OG 2019 | D10: Link | E10: CR | F10: Paradox | H10: Low | R10: Daily | S10: =20*3 -> 60 | T10: =20*3 -> 60 | U10: =20*3 -> 60
B11: 9 | C11: VR 2019 | D11: Link | E11: CR | F11: Complete the Passage | H11: Low | R11: Number of Days | S11: =S6/S10 -> 31.183333 | T11: =T6/T10 -> 31.7 | U11: =U6/U10 -> 4.7833333
B12: 10 | C12: OG 2018 | D12: Link | E12: CR | F12: Evaluate | H12: Low
B13: 11 | C13: VR 2019 | D13: Link | E13: CR | F13: Paradox | H13: Low | R13: Date | S13: SC | T13: CR | U13: RC | V13: Accuracy
B14: 12 | C14: VR 2019 | D14: Link | E14: CR | F14: Weaken | H14: Low
B15: 13 | C15: OG 2019 | D15: Link | E15: CR | F15: Strengthen | H15: Low
B16: 15 | C16: OG 13 | D16: Link | E16: CR | F16: Others | H16: Low
B17: 16 | C17: VR 2019 | D17: Link | E17: CR | F17: Inference | H17: Low
B18: 17 | C18: OG 12 | D18: Link | E18: CR | F18: Weaken | H18: Low
B19: 18 | C19: VR 2016 | D19: Link | E19: CR | F19: Strengthen | H19: Low
B20: 19 | C20: VR 2017 | D20: Link | E20: CR | F20: Paradox | H20: Low
B21: 20 | C21: VR 2019 | D21: Link | E21: CR | F21: Strengthen | H21: Low
B22: 21 | C22: VR 2017 | D22: Link | E22: CR | F22: Paradox | H22: Low
B23: 23 | C23: OG 2019 | D23: Link | E23: CR | F23: Evaluate | H23: Low
B24: 24 | C24: OG 10 | D24: Link | E24: CR | F24: Weaken | H24: Low
B25: 25 | C25: OG 2019 | D25: Link | E25: CR | F25: Bold Face | H25: Low
... B213: 221 | C213: OG 2016 | D213: Link | E213: CR | F213: Strengthen | H213: Low
B214: 222 | C214: OG 2019 | D214: Link | E214: CR | F214: Paradox | H214: Medium | I214: 44053 | J214: Incorrect
B215: 223 | C215: VR 2017 | D215: Link | E215: CR | F215: Weaken | H215: Medium | I215: 44053 | J215: Correct
B216: 224 | C216: OG 12 | D216: Link | E216: CR | F216: Inference | H216: Medium | I216: 44053 | J216: Correct
B217: 225 | C217: VR 2016 | D217: Link | E217: CR | F217: Method of Reasoning | H217: Medium | I217: 44053 | J217: Correct
B218: 226 | C218: OG 10 | D218: Link | E218: CR | F218: Assumption | H218: Medium | I218: 44053 | J218: Incorrect
B219: 227 | C219: OG 2019 | D219: Link | E219: CR | F219: Strengthen | H219: Medium | I219: 44053 | J219: Correct
B220: 228 | C220: OG 2019 | D220: Link | E220: CR | F220: Assumption | H220: Medium | I220: 44053 | J220: Correct
B221: 229 | C221: VR 2019 | D221: Link | E221: CR | F221: Complete the Passage | H221: Medium | I221: 44053 | J221: Correct
B222: 230 | C222: OG 2019 D | D222: Link | E222: CR | F222: Weaken | H222: Medium | I222: 44053 | J222: Correct
B223: 232 | C223: OG 13 | D223: Link | E223: CR | F223: Bold Face | H223: Medium | I223: 44053 | J223: Correct
B224: 233 | C224: VR 2016 | D224: Link | E224: CR | F224: Strengthen | H224: Medium | I224: 44058 | J224: Correct
B225: 234 | C225: OG 10 | D225: Link | E225: CR | F225: Assumption | H225: Medium | I225: 44058 | J225: Incorrect
... B282: 298 | C282: VR 2017 | D282: Link | E282: CR | F282: Inference | H282: Medium | I282: 44075 | J282: Correct
B283: 299 | C283: OG 12 | D283: Link | E283: CR | F283: Weaken | H283: Medium | I283: 44075 | J283: Incorrect | K283: "life expectancy": "average age at death of the entire live-born population."
B284: 300 | C284: OG 11 | D284: Link | E284: CR | F284: Weaken | H284: Medium | I284: 44075 | J284: Correct
B285: 301 | C285: VR 2017 | D285: Link | E285: CR | F285: Strengthen | H285: Medium | I285: 44075 | J285: Correct
B286: 302 | C286: OG 2019 | D286: Link | E286: CR | F286: Weaken | H286: Medium | I286: 44075 | J286: Correct
B287: 303 | C287: OG 2019 | D287: Link | E287: CR | F287: Inference | H287: Medium | I287: 44075 | J287: Correct
B288: 304 | C288: OG 10 | D288: Link | E288: CR | F288: Paradox | H288: Medium | I288: 44075 | J288: Correct
B289: 305 | C289: OG 10 | D289: Link | E289: CR | F289: Inference | H289: Medium | I289: 44075 | J289: Correct
B290: 306 | C290: OG 2019 | D290: Link | E290: CR | F290: Assumption | H290: Medium | I290: 44075 | J290: Incorrect
B291: 307 | C291: OG 11 | D291: Link | E291: CR | F291: Strengthen | H291: Medium | I291: 44075 | J291: Correct
B292: 308 | C292: VR 2017 | D292: Link | E292: CR | F292: Complete the Passage | H292: Medium | I292: 44075 | J292: Correct
B293: 309 | C293: VR 2016 | D293: Link | E293: CR | F293: Inference | H293: Medium | I293: 44075 | J293: Correct
B294: 310 | C294: VR 2019 | D294: Link | E294: CR | F294: Weaken | H294: Medium | I294: 44075 | J294: Correct
B295: 311 | C295: OG 10 | D295: Link | E295: CR | F295: Weaken | H295: Medium | I295: 44077 | J295: Correct
... B357: 386 | C357: OG 11 | D357: Link | E357: CR | F357: Weaken | H357: Medium | I357: 44083 | J357: Correct
B358: 387 | C358: OG 2019 | D358: Link | E358: CR | F358: Assumption | H358: High | I358: 44053 | J358: Incorrect | L358: Chose out-of-context option | M358: Boil It Down: More soft drinks, less healthy -> Vending mach. Shouldn’t be allowed Missing Information: These vending machines would lead to net overall worsening of health Goal: Find the option the argument requires for the logic to hold
B359: 388 | C359: VR 2019 | D359: Link | E359: CR | F359: Strengthen | H359: High | I359: 44053 | J359: Incorrect
B360: 390 | C360: OG 10 | D360: Link | E360: CR | F360: Weaken | H360: High | I360: 44053 | J360: Incorrect
B361: 391 | C361: OG 11 | D361: Link | E361: CR | F361: Weaken | H361: High | I361: 44053 | J361: Correct
B362: 392 | C362: OG 2016 | D362: Link | E362: CR | F362: Assumption | H362: High | I362: 44053 | J362: Incorrect
B363: 393 | C363: VR 2019 | D363: Link | E363: CR | F363: Bold Face | H363: High | I363: 44053 | J363: Correct
B364: 394 | C364: OG 2019 D | D364: Link | E364: CR | F364: Weaken | H364: High | I364: 44053 | J364: Correct
B365: 395 | C365: OG 2019 | D365: Link | E365: CR | F365: Complete the Passage | H365: High | I365: 44053 | J365: Incorrect
B366: 396 | C366: OG 2019 | D366: Link | E366: CR | F366: Strengthen | H366: High | I366: 44053 | J366: Incorrect
B367: 397 | C367: OG 12 | D367: Link | E367: CR | F367: Inference | H367: High | I367: 44053 | J367: Correct
B368: 398 | C368: OG 13 | D368: Link | E368: CR | F368: Weaken | H368: High | I368: 44058 | J368: Correct
B369: 400 | C369: OG 2019 | D369: Link | E369: CR | F369: Complete the Passage | H369: High | I369: 44058 | J369: Incorrect
B370: 402 | C370: VR 2017 | D370: Link | E370: CR | F370: Complete the Passage | H370: High | I370: 44058 | J370: Correct
... B446: 495 | C446: OG 11 | D446: Link | E446: CR | F446: Assumption | H446: V High | I446: 44222 | J446: Incorrect
B447: 496 | C447: OG 11 | D447: Link | E447: CR | F447: Inference | H447: V High
B448: 497 | C448: OG 2017 | D448: Link | E448: CR | F448: Weaken | H448: V High
B449: 498 | C449: OG 2017 | D449: Link | E449: CR | F449: Weaken | H449: V High
B450: 499 | C450: OG 11 | D450: Link | E450: CR | F450: Method of Reasoning | H450: V High
B451: 500 | C451: OG 2019 D | D451: Link | E451: CR | F451: Evaluate | H451: V High
B452: 502 | C452: OG 12 | D452: Link | E452: CR | F452: Inference | H452: V High
B453: 503 | C453: OG 2019 D | D453: Link | E453: CR | F453: Strengthen | H453: V High
B454: 504 | C454: OG 2019 D | D454: Link | E454: CR | F454: Weaken | H454: V High
B455: 505 | C455: OG 10 | D455: Link | E455: CR | F455: Paradox | H455: V High
B456: 506 | C456: VR 2017 | D456: Link | E456: CR | F456: Bold Face | H456: V High
B457: 508 | C457: OG 2019 | D457: Link | E457: CR | F457: Bold Face | H457: V High
B458: 509 | C458: OG 11 | D458: Link | E458: CR | F458: Assumption | H458: V High
... B473: 529 | C473: OG 2019 | D473: Link | E473: CR | F473: Weaken | H473: V High
B474: 530 | C474: OG 2020 | D474: Link | E474: CR | F474: Strengthen | H474: Low | I474: 44102 | J474: Correct
B475: 531 | C475: OG 2020 | D475: Link | E475: CR | F475: Strengthen | H475: Medium | I475: 44102 | J475: Correct
B476: 532 | C476: OG 2020 | D476: Link | E476: CR | F476: Assumption | H476: V High | I476: 44102 | J476: Incorrect
B477: 533 | C477: OG 2020 | D477: Link | E477: CR | F477: Paradox | H477: Medium | I477: 44102 | J477: Correct
B478: 534 | C478: OG 2020 | D478: Link | E478: CR | F478: Strengthen | H478: Low | I478: 44102 | J478: Incorrect
B479: 535 | C479: OG 2020 | D479: Link | E479: CR | F479: Weaken | H479: Low | I479: 44102 | J479: Correct
B480: 536 | C480: OG 2020 | D480: Link | E480: CR | F480: Paradox | H480: Medium | I480: 44102 | J480: Correct
B481: 537 | C481: OG 2020 | D481: Link | E481: CR | F481: Evaluate | H481: Medium | I481: 44102 | J481: Correct
B482: 538 | C482: OG 2020 | D482: Link | E482: CR | F482: Weaken | H482: Medium | I482: 44102 | J482: Correct
B483: 539 | C483: OG 2020 | D483: Link | E483: CR | F483: Strengthen | H483: Medium | I483: 44102 | J483: Correct
B484: 540 | C484: OG 2020 | D484: Link | E484: CR | F484: Strengthen | H484: Low | I484: 44102 | J484: Correct
B485: 541 | C485: OG 2020 | D485: Link | E485: CR | F485: Assumption | H485: Medium | I485: 44102 | J485: Correct
... B567: 623 | C567: Advanced OG | D567: Link | E567: CR | F567: Paradox | H567: Low | I567: 44223 | J567: Correct
B568: 1 | C568: OG 13 | D568: Link | E568: SC | F568: Comparisons | G568: Comparisons | H568: Easy
B569: 2 | C569: OG 11 | D569: Link | E569: SC | F569: Comparisons | G569: Comparisons | H569: Easy
B570: 3 | C570: VR 2 | D570: Link | E570: SC | F570: Comparisons | G570: Comparisons | H570: Easy
B571: 4 | C571: OG 11 | D571: Link | E571: SC | F571: Comparisons | G571: Comparisons | H571: Easy
B572: 5 | C572: VR 2017 | D572: Link | E572: SC | F572: Comparisons | G572: Comparisons | H572: Easy
B573: 6 | C573: VR 2016 | D573: Link | E573: SC | F573: Comparisons | G573: Comparisons | H573: Easy
B574: 7 | C574: OG 2019 | D574: Link | E574: SC | F574: Comparisons | G574: Comparisons | H574: Easy
...

Sheet OG - RC 
A1: =MID(CELL("filename",A1),FIND("]",CELL("filename",A1))+1,255) -> OG - RC
B2: Source | C2: RC # | D2: Link | E2: Q Type | F2: Tags | G2: Q No | H2: Difficulty | I2: Date | J2: Correct/ Incorrect | K2: Why I rejected the correct option statement | L2: Why I selected the incorrect option statement | M2: Learning
B3: OG 2019 D | C3: 1 | D3: Link | E3: RC | F3: Business | G3: 1 | H3: Easy | I3: 44053 | J3: Correct
B4: OG 2019 D | C4: 1 | D4: Link | E4: RC | F4: Business | G4: 2 | H4: Medium | I4: 44053 | J4: Correct
B5: OG 2019 D | C5: 1 | D5: Link | E5: RC | F5: Business | G5: 3 | H5: Easy | I5: 44053 | J5: Correct
B6: OG 2019 D | C6: 1 | D6: Link | E6: RC | F6: Business | G6: 4 | H6: Easy | I6: 44053 | J6: Correct
B7: OG 2019 D | C7: 1 | D7: Link | E7: RC | F7: Business | G7: 5 | H7: Medium | I7: 44053 | J7: Correct
B8: OG 2019 D | C8: 2 | D8: Link | E8: RC | F8: Science | G8: 1 | H8: Medium | I8: 44053 | J8: Correct
B9: OG 2019 D | C9: 2 | D9: Link | E9: RC | F9: Science | G9: 2 | H9: Easy | I9: 44053 | J9: Correct
B10: OG 2019 D | C10: 2 | D10: Link | E10: RC | F10: Science | G10: 3 | H10: Hard | I10: 44053 | J10: Correct
B11: OG 2019 D | C11: 2 | D11: Link | E11: RC | F11: Science | G11: 4 | H11: V Hard | I11: 44053 | J11: Incorrect
B12: OG 2019 D | C12: 2 | D12: Link | E12: RC | F12: Science | G12: 5 | H12: Medium | I12: 44053 | J12: Correct
B13: OG 2019 D | C13: 2 | D13: Link | E13: RC | F13: Science | G13: 6 | H13: Medium | I13: 44053 | J13: Correct
B14: OG 2019 D | C14: 3 | D14: Link | E14: RC | F14: Social Science | G14: 1 | H14: Medium | I14: 44053 | J14: Correct
... B215: OG 2018 | C215: 53 | D215: Link | E215: RC | F215: Science | G215: 4 | H215: Easy | I215: 44084 | J215: Correct
B216: OG 2018 | C216: 56 | D216: Link | E216: RC | F216: Science | G216: 1 | H216: Easy
B217: OG 2018 | C217: 56 | D217: Link | E217: RC | F217: Science | G217: 2 | H217: Easy
B218: OG 2018 | C218: 56 | D218: Link | E218: RC | F218: Science | G218: 3 | H218: Hard
B219: OG 2018 | C219: 56 | D219: Link | E219: RC | F219: Science | G219: 4 | H219: Easy
B220: OG 2018 | C220: 56 | D220: Link | E220: RC | F220: Science | G220: 5 | H220: Medium
B221: OG 2018 | C221: 56 | D221: Link | E221: RC | F221: Science | G221: 6 | H221: Easy
B222: OG 2018 | C222: 56 | D222: Link | E222: RC | F222: Science | G222: 7 | H222: Easy
B223: OG 2018 | C223: 56 | D223: Link | E223: RC | F223: Science | G223: 8 | H223: Easy
B224: OG 2018 | C224: 56 | D224: Link | E224: RC | F224: Science | G224: 9 | H224: Easy
B225: OG 2018 | C225: 57 | D225: Link | E225: RC | F225: Social Science | G225: 1 | H225: V Hard | I225: 44085 | J225: Incorrect
B226: OG 2018 | C226: 57 | D226: Link | E226: RC | F226: Social Science | G226: 2 | H226: Hard | I226: 44085 | J226: Correct
B227: OG 2018 | C227: 57 | D227: Link | E227: RC | F227: Social Science | G227: 3 | H227: Hard | I227: 44085 | J227: Correct
B228: OG 2018 | C228: 57 | D228: Link | E228: RC | F228: Social Science | G228: 4 | H228: Medium | I228: 44085 | J228: Correct
B229: OG 2018 | C229: 57 | D229: Link | E229: RC | F229: Social Science | G229: 5 | H229: Medium | I229: 44085 | J229: Correct
B230: OG 2018 | C230: 57 | D230: Link | E230: RC | F230: Social Science | G230: 6 | H230: V Hard | I230: 44085 | J230: Correct
B231: OG 2018 | C231: 57 | D231: Link | E231: RC | F231: Social Science | G231: 7 | H231: Hard | I231: 44085 | J231: Incorrect
B232: OG 2016 | C232: 58 | D232: Link | E232: RC | F232: Business | G232: 1 | H232: Easy | I232: 44085 | J232: Correct
B233: OG 2016 | C233: 58 | D233: Link | E233: RC | F233: Business | G233: 2 | H233: Medium | I233: 44085 | J233: Correct
B234: OG 2016 | C234: 58 | D234: Link | E234: RC | F234: Business | G234: 3 | H234: Hard | I234: 44085 | J234: Correct
B235: OG 2016 | C235: 58 | D235: Link | E235: RC | F235: Business | G235: 4 | H235: Medium | I235: 44085 | J235: Correct
B236: OG 2016 | C236: 58 | D236: Link | E236: RC | F236: Business | G236: 5 | H236: V Hard | I236: 44085 | J236: Correct
... B238: OG 2016 | C238: 58 | D238: Link | E238: RC | F238: Business | G238: 7 | H238: Medium | I238: 44085 | J238: Incorrect
B239: OG 2017 | C239: 59 | D239: Link | E239: RC | F239: Science | G239: 1 | H239: V Hard
B240: OG 2017 | C240: 59 | D240: Link | E240: RC | F240: Science | G240: 2 | H240: V Hard
B241: OG 2017 | C241: 59 | D241: Link | E241: RC | F241: Science | G241: 3 | H241: V Hard
B242: OG 2017 | C242: 59 | D242: Link | E242: RC | F242: Science | G242: 4 | H242: Hard
B243: OG 2017 | C243: 59 | D243: Link | E243: RC | F243: Science | G243: 5 | H243: Hard
B244: OG 2017 | C244: 59 | D244: Link | E244: RC | F244: Science | G244: 6 | H244: V Hard
B245: VR 2017 | C245: 63 | D245: Link | E245: RC | F245: Business | G245: 1 | H245: Easy | I245: 44086 | J245: Correct
B246: VR 2017 | C246: 63 | D246: Link | E246: RC | F246: Business | G246: 2 | H246: Medium | I246: 44086 | J246: Correct
B247: VR 2017 | C247: 63 | D247: Link | E247: RC | F247: Business | G247: 3 | H247: Hard | I247: 44086 | J247: Correct
B248: VR 2017 | C248: 63 | D248: Link | E248: RC | F248: Business | G248: 4 | H248: Easy | I248: 44086 | J248: Correct
B249: VR 2017 | C249: 63 | D249: Link | E249: RC | F249: Business | G249: 5 | H249: Easy | I249: 44086 | J249: Correct
B250: VR 2017 | C250: 63 | D250: Link | E250: RC | F250: Business | G250: 6 | H250: Easy | I250: 44086 | J250: Correct
B251: VR 2017 | C251: 64 | D251: Link | E251: RC | F251: Science | G251: 1 | H251: Easy | I251: 44086 | J251: Correct
B252: VR 2017 | C252: 64 | D252: Link | E252: RC | F252: Science | G252: 2 | H252: Easy | I252: 44086 | J252: Correct
B253: VR 2017 | C253: 64 | D253: Link | E253: RC | F253: Science | G253: 3 | H253: Easy | I253: 44086 | J253: Correct
B254: VR 2017 | C254: 64 | D254: Link | E254: RC | F254: Science | G254: 4 | H254: Easy | I254: 44086 | J254: Correct
B255: VR 2017 | C255: 64 | D255: Link | E255: RC | F255: Science | G255: 5 | H255: Easy | I255: 44086 | J255: Correct
B256: VR 2017 | C256: 65 | D256: Link | E256: RC | F256: Science | G256: 1 | H256: Easy | I256: 44086 | J256: Correct
... B303: OG 2016 | C303: 75 | D303: Link | E303: RC | F303: Science | G303: 9 | H303: Medium | I303: 44095 | J303: Correct
B304: VR 2016 | C304: 78 | D304: Link | E304: RC | F304: Social Science | G304: 1 | H304: Medium
B305: VR 2016 | C305: 78 | D305: Link | E305: RC | F305: Social Science | G305: 2 | H305: Easy
B306: VR 2016 | C306: 78 | D306: Link | E306: RC | F306: Social Science | G306: 3 | H306: V Hard
B307: VR 2016 | C307: 78 | D307: Link | E307: RC | F307: Social Science | G307: 4 | H307: Easy
B308: VR 2016 | C308: 78 | D308: Link | E308: RC | F308: Social Science | G308: 5 | H308: Medium
B309: VR 2016 | C309: 78 | D309: Link | E309: RC | F309: Social Science | G309: 6 | H309: Medium
B310: OG 13 | C310: 79 | D310: Link | E310: RC | F310: Science | G310: 1 | H310: Medium | I310: 44096 | J310: Correct
B311: OG 13 | C311: 79 | D311: Link | E311: RC | F311: Science | G311: 2 | H311: Medium | I311: 44096 | J311: Correct
B312: OG 13 | C312: 79 | D312: Link | E312: RC | F312: Science | G312: 3 | H312: Medium | I312: 44096 | J312: Correct
B313: OG 13 | C313: 79 | D313: Link | E313: RC | F313: Science | G313: 4 | H313: Medium | I313: 44096 | J313: Correct
B314: OG 13 | C314: 79 | D314: Link | E314: RC | F314: Science | G314: 5 | H314: Easy | I314: 44096 | J314: Correct
B315: OG 13 | C315: 79 | D315: Link | E315: RC | F315: Science | G315: 6 | H315: V Hard | I315: 44096 | J315: Correct
B316: OG 13 | C316: 79 | D316: Link | E316: RC | F316: Science | G316: 7 | H316: Medium | I316: 44096 | J316: Correct
B317: OG 13 | C317: 79 | D317: Link | E317: RC | F317: Science | G317: 8 | H317: V Hard | I317: 44096 | J317: Incorrect
B318: OG 13 | C318: 81 | D318: Link | E318: RC | F318: Science | G318: 1 | H318: Medium | I318: 44096 | J318: Correct
B319: OG 13 | C319: 81 | D319: Link | E319: RC | F319: Science | G319: 2 | H319: Medium | I319: 44096 | J319: Correct
B320: OG 13 | C320: 81 | D320: Link | E320: RC | F320: Science | G320: 3 | H320: Medium | I320: 44096 | J320: Correct
B321: OG 13 | C321: 82 | D321: Link | E321: RC | F321: Humanities | G321: 1 | H321: Easy | I321: 44096 | J321: Correct
... B343: OG 13 | C343: 85 | D343: Link | E343: RC | F343: Social Science | G343: 6 | H343: Hard | I343: 44097 | J343: Correct
B344: OG 13 | C344: 87 | D344: Link | E344: RC | F344: Business | G344: 1 | H344: Easy
B345: OG 13 | C345: 87 | D345: Link | E345: RC | F345: Business | G345: 2 | H345: Medium
B346: OG 13 | C346: 87 | D346: Link | E346: RC | F346: Business | G346: 3 | H346: Hard
B347: OG 13 | C347: 87 | D347: Link | E347: RC | F347: Business | G347: 4 | H347: Medium
B348: OG 13 | C348: 87 | D348: Link | E348: RC | F348: Business | G348: 5 | H348: V Hard
B349: OG 13 | C349: 87 | D349: Link | E349: RC | F349: Business | G349: 6 | H349: Medium
B350: OG 13 | C350: 87 | D350: Link | E350: RC | F350: Business | G350: 7 | H350: Medium
B351: OG 13 | C351: 88 | D351: Link | E351: RC | F351: Business | G351: 1 | H351: Medium | I351: 44097 | J351: Correct
B352: OG 13 | C352: 88 | D352: Link | E352: RC | F352: Business | G352: 2 | H352: Medium | I352: 44097 | J352: Incorrect
B353: OG 13 | C353: 88 | D353: Link | E353: RC | F353: Business | G353: 3 | H353: Medium | I353: 44097 | J353: Correct
B354: OG 13 | C354: 88 | D354: Link | E354: RC | F354: Business | G354: 4 | H354: Medium | I354: 44097 | J354: Correct
B355: OG 13 | C355: 92 | D355: Link | E355: RC | F355: Humanities | G355: 1 | H355: Easy | I355: 44097 | J355: Correct
B356: OG 13 | C356: 92 | D356: Link | E356: RC | F356: Humanities | G356: 2 | H356: Easy | I356: 44097 | J356: Correct
B357: OG 13 | C357: 92 | D357: Link | E357: RC | F357: Humanities | G357: 3 | H357: Medium | I357: 44097 | J357: Correct
B358: OG 13 | C358: 92 | D358: Link | E358: RC | F358: Humanities | G358: 4 | H358: Hard | I358: 44097 | J358: Correct
B359: OG 13 | C359: 92 | D359: Link | E359: RC | F359: Humanities | G359: 5 | H359: Medium | I359: 44097 | J359: Correct
B360: OG 13 | C360: 92 | D360: Link | E360: RC | F360: Humanities | G360: 6 | H360: Medium | I360: 44097 | J360: Correct
B361: OG 13 | C361: 93 | D361: Link | E361: RC | F361: Business | G361: 1 | H361: Medium | I361: 44098 | J361: Correct
B362: OG 13 | C362: 93 | D362: Link | E362: RC | F362: Business | G362: 2 | H362: Medium | I362: 44098 | J362: Correct
... B383: OG 12 | C383: 99 | D383: Link | E383: RC | F383: Business | G383: 3 | H383: Medium | I383: 44098 | J383: Correct
B384: OG 12 | C384: 100 | D384: Link | E384: RC | F384: Social Science | G384: 1 | H384: Easy
B385: OG 12 | C385: 100 | D385: Link | E385: RC | F385: Social Science | G385: 2 | H385: Medium
B386: OG 12 | C386: 100 | D386: Link | E386: RC | F386: Social Science | G386: 3 | H386: Medium
B387: OG 12 | C387: 100 | D387: Link | E387: RC | F387: Social Science | G387: 4 | H387: Easy
B388: OG 12 | C388: 100 | D388: Link | E388: RC | F388: Social Science | G388: 5 | H388: Hard
...

Sheet OG-Quant
A1: =MID(CELL("filename",A1),FIND("]",CELL("filename",A1))+1,255) -> OG-Quant | J1: 1 | K1: =MID(CELL("filename",K1),FIND("]",CELL("filename",K1))+1,255) -> OG-Quant
B2: Sl No | C2: Source | D2: Q Type | E2: Link | F2: Difficulty | G2: Topic | H2: Date | I2: Incorrect/Correct | L2: Performance snapshot
B3: 9 | C3: QR 2017 | D3: PS | E3: Link | F3: Hard | G3: Absolute Values/Modulus | M3: Question by type | N3: Total | O3: Unattempted | P3: Attempted | Q3: % Attempted | R3: Correct | S3: Accuracy (%)
B4: 10 | C4: QR 2019 | D4: PS | E4: Link | F4: Hard | G4: Absolute Values/Modulus | M4: DS | N4: =COUNTIFS(Table13[Q Type],M4) -> 155 | O4: =N4-P4 -> 129 | P4: =COUNTIFS(Table13[Q Type],M4,Table13[Date],"<>") -> 26 | Q4: =P4/N4 -> 0.16774194 | R4: =COUNTIFS(Table13[Incorrect/Correct],"Correct",Table13[Q Type],M4) -> 20 | S4: =R4/P4 -> 0.76923077
B5: 17 | C5: QP1 | D5: DS | E5: Link | F5: Hard | G5: Absolute Values/Modulus | H5: 44241 | I5: Correct | M5: PS | N5: =COUNTIFS(Table13[Q Type],M5) -> 154 | O5: =N5-P5 -> 154 | P5: =COUNTIFS(Table13[Q Type],M5,Table13[Date],"<>") -> 0 | Q5: =P5/N5 -> 0 | R5: =COUNTIFS(Table13[Incorrect/Correct],"Correct",Table13[Q Type],M5) -> 0 | S5: =R5/P5 -> #DIV/0!
B6: 18 | C6: OG 10 | D6: DS | E6: Link | F6: Hard | G6: Absolute Values/Modulus | H6: 44241 | I6: Correct | M6: Total | N6: =SUM(N4:N5) -> 309 | O6: =SUM(O4:O5) -> 283 | P6: =SUM(P4:P5) -> 26 | Q6: =P6/N6 -> 0.084142395 | R6: =SUM(R4:R5) -> 20 | S6: =R6/P6 -> 0.76923077
B7: 19 | C7: OG 2019 | D7: DS | E7: Link | F7: Hard | G7: Absolute Values/Modulus | H7: 44241 | I7: Correct
B8: 105 | C8: OG 2019 | D8: PS | E8: Link | F8: Hard | G8: Algebra
B9: 106 | C9: OG 2019 | D9: PS | E9: Link | F9: Hard | G9: Algebra | N9: Accuracy (%) | O9: Total attempts | P9: Correct attempt
B10: 107 | C10: OG 2019 | D10: PS | E10: Link | F10: Hard | G10: Algebra | M10: Absolute Values/Modulus | N10: =P10/O10 -> 1 | O10: =COUNTIFS(Table13[Topic],M10,Table13[Date],"<>") -> 3 | P10: =COUNTIFS(Table13[Topic],M10,Table13[Date],"<>",Table13[Incorrect/Correct],"Correct") -> 3
B11: 202 | C11: QR 2 | D11: DS | E11: Link | F11: Hard | G11: Algebra | H11: 44241 | I11: Correct | M11: Algebra | N11: =P11/O11 -> 0.5 | O11: =COUNTIFS(Table13[Topic],M11,Table13[Date],"<>") -> 4 | P11: =COUNTIFS(Table13[Topic],M11,Table13[Date],"<>",Table13[Incorrect/Correct],"Correct") -> 2
B12: 203 | C12: OG 12 | D12: DS | E12: Link | F12: Hard | G12: Algebra | H12: 44241 | I12: Correct | M12: Arithmetic | N12: =P12/O12 -> 0.75 | O12: =COUNTIFS(Table13[Topic],M12,Table13[Date],"<>") -> 4 | P12: =COUNTIFS(Table13[Topic],M12,Table13[Date],"<>",Table13[Incorrect/Correct],"Correct") -> 3
B13: 204 | C13: OG 2019 | D13: DS | E13: Link | F13: Hard | G13: Algebra | H13: 44241 | I13: Incorrect | M13: Combinations | N13: =P13/O13 -> #DIV/0! | O13: =COUNTIFS(Table13[Topic],M13,Table13[Date],"<>") -> 0 | P13: =COUNTIFS(Table13[Topic],M13,Table13[Date],"<>",Table13[Incorrect/Correct],"Correct") -> 0
B14: 205 | C14: QR 2019 | D14: DS | E14: Link | F14: Hard | G14: Algebra | H14: 44241 | I14: Incorrect | M14: Coordinate Geometry | N14: =P14/O14 -> 0.875 | O14: =COUNTIFS(Table13[Topic],M14,Table13[Date],"<>") -> 8 | P14: =COUNTIFS(Table13[Topic],M14,Table13[Date],"<>",Table13[Incorrect/Correct],"Correct") -> 7
B15: 306 | C15: OG 2019 | D15: PS | E15: Link | F15: Hard | G15: Arithmetic | M15: Distance/Rate Problems | N15: =P15/O15 -> 0.5 | O15: =COUNTIFS(Table13[Topic],M15,Table13[Date],"<>") -> 2 | P15: =COUNTIFS(Table13[Topic],M15,Table13[Date],"<>",Table13[Incorrect/Correct],"Correct") -> 1
B16: 307 | C16: OG 2019 | D16: PS | E16: Link | F16: Hard | G16: Arithmetic | M16: Divisibility/Multiples/Factors | N16: =P16/O16 -> 0.75 | O16: =COUNTIFS(Table13[Topic],M16,Table13[Date],"<>") -> 4 | P16: =COUNTIFS(Table13[Topic],M16,Table13[Date],"<>",Table13[Incorrect/Correct],"Correct") -> 3
B17: 308 | C17: QR 2019 | D17: PS | E17: Link | F17: Hard | G17: Arithmetic | M17: Exponents/Powers | N17: =P17/O17 -> 1 | O17: =COUNTIFS(Table13[Topic],M17,Table13[Date],"<>") -> 1 | P17: =COUNTIFS(Table13[Topic],M17,Table13[Date],"<>",Table13[Incorrect/Correct],"Correct") -> 1
B18: 309 | C18: OG 12 | D18: PS | E18: Link | F18: Hard | G18: Arithmetic | M18: Fractions/Ratios/Decimals | N18: =P18/O18 -> #DIV/0! | O18: =COUNTIFS(Table13[Topic],M18,Table13[Date],"<>") -> 0 | P18: =COUNTIFS(Table13[Topic],M18,Table13[Date],"<>",Table13[Incorrect/Correct],"Correct") -> 0
B19: 310 | C19: QP1 | D19: PS | E19: Link | F19: Hard | G19: Arithmetic | M19: Functions and Custom Characters | N19: =P19/O19 -> #DIV/0! | O19: =COUNTIFS(Table13[Topic],M19,Table13[Date],"<>") -> 0 | P19: =COUNTIFS(Table13[Topic],M19,Table13[Date],"<>",Table13[Incorrect/Correct],"Correct") -> 0
B20: 311 | C20: OG 2019 | D20: PS | E20: Link | F20: Hard | G20: Arithmetic | M20: Geometry | N20: =P20/O20 -> #DIV/0! | O20: =COUNTIFS(Table13[Topic],M20,Table13[Date],"<>") -> 0 | P20: =COUNTIFS(Table13[Topic],M20,Table13[Date],"<>",Table13[Incorrect/Correct],"Correct") -> 0
B21: 359 | C21: OG 2019 | D21: DS | E21: Link | F21: Hard | G21: Arithmetic | H21: 44241 | I21: Correct | M21: Graphs and Illustrations | N21: =P21/O21 -> #DIV/0! | O21: =COUNTIFS(Table13[Topic],M21,Table13[Date],"<>") -> 0 | P21: =COUNTIFS(Table13[Topic],M21,Table13[Date],"<>",Table13[Incorrect/Correct],"Correct") -> 0
B22: 360 | C22: OG 12 | D22: DS | E22: Link | F22: Hard | G22: Arithmetic | H22: 44241 | I22: Incorrect | M22: Inequalities | N22: =P22/O22 -> #DIV/0! | O22: =COUNTIFS(Table13[Topic],M22,Table13[Date],"<>") -> 0 | P22: =COUNTIFS(Table13[Topic],M22,Table13[Date],"<>",Table13[Incorrect/Correct],"Correct") -> 0
B23: 361 | C23: OG 2019 | D23: DS | E23: Link | F23: Hard | G23: Arithmetic | H23: 44241 | I23: Correct | M23: Number Properties | N23: =P23/O23 -> #DIV/0! | O23: =COUNTIFS(Table13[Topic],M23,Table13[Date],"<>") -> 0 | P23: =COUNTIFS(Table13[Topic],M23,Table13[Date],"<>",Table13[Incorrect/Correct],"Correct") -> 0
B24: 362 | C24: OG 2019 | D24: DS | E24: Link | F24: Hard | G24: Arithmetic | H24: 44241 | I24: Correct | M24: Overlapping Sets | N24: =P24/O24 -> #DIV/0! | O24: =COUNTIFS(Table13[Topic],M24,Table13[Date],"<>") -> 0 | P24: =COUNTIFS(Table13[Topic],M24,Table13[Date],"<>",Table13[Incorrect/Correct],"Correct") -> 0
B25: 376 | C25: OG 2019 | D25: PS | E25: Link | F25: Hard | G25: Combinations | M25: Percents and Interest Problems | N25: =P25/O25 -> #DIV/0! | O25: =COUNTIFS(Table13[Topic],M25,Table13[Date],"<>") -> 0 | P25: =COUNTIFS(Table13[Topic],M25,Table13[Date],"<>",Table13[Incorrect/Correct],"Correct") -> 0
B26: 377 | C26: QR 2019 | D26: PS | E26: Link | F26: Hard | G26: Combinations | M26: Probability | N26: =P26/O26 -> #DIV/0! | O26: =COUNTIFS(Table13[Topic],M26,Table13[Date],"<>") -> 0 | P26: =COUNTIFS(Table13[Topic],M26,Table13[Date],"<>",Table13[Incorrect/Correct],"Correct") -> 0
B27: 378 | C27: QR 2019 | D27: PS | E27: Link | F27: Hard | G27: Combinations | M27: Remainders | N27: =P27/O27 -> #DIV/0! | O27: =COUNTIFS(Table13[Topic],M27,Table13[Date],"<>") -> 0 | P27: =COUNTIFS(Table13[Topic],M27,Table13[Date],"<>",Table13[Incorrect/Correct],"Correct") -> 0
B28: 379 | C28: OG 2019 | D28: PS | E28: Link | F28: Hard | G28: Combinations | M28: Sequences | N28: =P28/O28 -> #DIV/0! | O28: =COUNTIFS(Table13[Topic],M28,Table13[Date],"<>") -> 0 | P28: =COUNTIFS(Table13[Topic],M28,Table13[Date],"<>",Table13[Incorrect/Correct],"Correct") -> 0
B29: 380 | C29: OG 2016 | D29: PS | E29: Link | F29: Hard | G29: Combinations | M29: Statistics and Sets Problems | N29: =P29/O29 -> #DIV/0! | O29: =COUNTIFS(Table13[Topic],M29,Table13[Date],"<>") -> 0 | P29: =COUNTIFS(Table13[Topic],M29,Table13[Date],"<>",Table13[Incorrect/Correct],"Correct") -> 0
B30: 412 | C30: QR 2 | D30: PS | E30: Link | F30: Hard | G30: Coordinate Geometry | M30: Word Problems | N30: =P30/O30 -> #DIV/0! | O30: =COUNTIFS(Table13[Topic],M30,Table13[Date],"<>") -> 0 | P30: =COUNTIFS(Table13[Topic],M30,Table13[Date],"<>",Table13[Incorrect/Correct],"Correct") -> 0
B31: 430 | C31: OG 12 | D31: DS | E31: Link | F31: Hard | G31: Coordinate Geometry | H31: 44242 | I31: Incorrect | M31: Work/Rate Problems | N31: =P31/O31 -> #DIV/0! | O31: =COUNTIFS(Table13[Topic],M31,Table13[Date],"<>") -> 0 | P31: =COUNTIFS(Table13[Topic],M31,Table13[Date],"<>",Table13[Incorrect/Correct],"Correct") -> 0
B32: 431 | C32: OG 2019 | D32: DS | E32: Link | F32: Hard | G32: Coordinate Geometry | H32: 44242 | I32: Correct | M32: Mixture Problems | N32: =P32/O32 -> #DIV/0! | O32: =COUNTIFS(Table13[Topic],M32,Table13[Date],"<>") -> 0 | P32: =COUNTIFS(Table13[Topic],M32,Table13[Date],"<>",Table13[Incorrect/Correct],"Correct") -> 0
B33: 432 | C33: OG 2019 | D33: DS | E33: Link | F33: Hard | G33: Coordinate Geometry | H33: 44242 | I33: Correct | M33: Roots | N33: =P33/O33 -> #DIV/0! | O33: =COUNTIFS(Table13[Topic],M33,Table13[Date],"<>") -> 0 | P33: =COUNTIFS(Table13[Topic],M33,Table13[Date],"<>",Table13[Incorrect/Correct],"Correct") -> 0
B34: 433 | C34: OG 12 | D34: DS | E34: Link | F34: Hard | G34: Coordinate Geometry | H34: 44242 | I34: Correct
B35: 434 | C35: QR 2019 | D35: DS | E35: Link | F35: Hard | G35: Coordinate Geometry | H35: 44242 | I35: Correct
B36: 435 | C36: OG 2018 | D36: DS | E36: Link | F36: Hard | G36: Coordinate Geometry | H36: 44242 | I36: Correct
B37: 436 | C37: OG 2019 | D37: DS | E37: Link | F37: Hard | G37: Coordinate Geometry | H37: 44242 | I37: Correct
B38: 437 | C38: OG 12 | D38: DS | E38: Link | F38: Hard | G38: Coordinate Geometry | H38: 44242 | I38: Correct
B39: 458 | C39: OG 2019 | D39: PS | E39: Link | F39: Hard | G39: Distance/Rate Problems
B40: 459 | C40: OG 2019 | D40: PS | E40: Link | F40: Hard | G40: Distance/Rate Problems
B41: 460 | C41: OG 2019 | D41: PS | E41: Link | F41: Hard | G41: Distance/Rate Problems
B42: 486 | C42: OG 2017 | D42: DS | E42: Link | F42: Hard | G42: Distance/Rate Problems | H42: 44242 | I42: Incorrect
B43: 487 | C43: OG 2019 | D43: DS | E43: Link | F43: Hard | G43: Distance/Rate Problems | H43: 44242 | I43: Correct
B44: 511 | C44: QR 2019 | D44: PS | E44: Link | F44: Hard | G44: Divisibility/Multiples/Factors
B45: 512 | C45: OG 2019 | D45: PS | E45: Link | F45: Hard | G45: Divisibility/Multiples/Factors
B46: 513 | C46: QR 2019 | D46: PS | E46: Link | F46: Hard | G46: Divisibility/Multiples/Factors
B47: 514 | C47: QP1 | D47: PS | E47: Link | F47: Hard | G47: Divisibility/Multiples/Factors
B48: 515 | C48: QR 2019 | D48: PS | E48: Link | F48: Hard | G48: Divisibility/Multiples/Factors
B49: 535 | C49: OG 11 | D49: DS | E49: Link | F49: Hard | G49: Divisibility/Multiples/Factors | H49: 44242 | I49: Correct
B50: 536 | C50: OG 12 | D50: DS | E50: Link | F50: Hard | G50: Divisibility/Multiples/Factors | H50: 44242 | I50: Incorrect
B51: 537 | C51: QR 2019 | D51: DS | E51: Link | F51: Hard | G51: Divisibility/Multiples/Factors | H51: 44242 | I51: Correct
B52: 538 | C52: OG 12 | D52: DS | E52: Link | F52: Hard | G52: Divisibility/Multiples/Factors | H52: 44242 | I52: Correct
B53: 566 | C53: OG 2017 | D53: PS | E53: Link | F53: Hard | G53: Exponents/Powers
B54: 567 | C54: OG 10 | D54: PS | E54: Link | F54: Hard | G54: Exponents/Powers
B55: 568 | C55: OG 2019 | D55: PS | E55: Link | F55: Hard | G55: Exponents/Powers
B56: 588 | C56: OG 12 | D56: DS | E56: Link | F56: Hard | G56: Exponents/Powers | H56: 44242 | I56: Correct
B57: 589 | C57: OG 2018 | D57: DS | E57: Link | F57: Hard | G57: Exponents/Powers
B58: 590 | C58: QR 2019 | D58: DS | E58: Link | F58: Hard | G58: Exponents/Powers
B59: 649 | C59: OG 10 | D59: PS | E59: Link | F59: Hard | G59: Fractions/Ratios/Decimals
B60: 650 | C60: OG 2019 | D60: PS | E60: Link | F60: Hard | G60: Fractions/Ratios/Decimals
B61: 651 | C61: OG 12 | D61: PS | E61: Link | F61: Hard | G61: Fractions/Ratios/Decimals
B62: 652 | C62: QP1 | D62: PS | E62: Link | F62: Hard | G62: Fractions/Ratios/Decimals
B63: 653 | C63: OG 2019 | D63: PS | E63: Link | F63: Hard | G63: Fractions/Ratios/Decimals
B64: 696 | C64: OG 12 | D64: DS | E64: Link | F64: Hard | G64: Fractions/Ratios/Decimals
B65: 697 | C65: OG 2019 | D65: DS | E65: Link | F65: Hard | G65: Fractions/Ratios/Decimals
B66: 698 | C66: OG 2018 | D66: DS | E66: Link | F66: Hard | G66: Fractions/Ratios/Decimals
B67: 699 | C67: QP1 | D67: DS | E67: Link | F67: Hard | G67: Fractions/Ratios/Decimals
B68: 721 | C68: QR 2019 | D68: PS | E68: Link | F68: Hard | G68: Functions and Custom Characters
... B311: 1904 | C311: QR 2020 | D311: PS | E311: Link | F311: Very Hard | G311: Geometry

Sheet Notes
A1: =MID(CELL("filename",A1),FIND("]",CELL("filename",A1))+1,255) -> Notes
B2: CR
C3: 1 | D3: "Weaken question" section in powerscore CR bible - the following scenarios occur most frequently in this type of questions. 1. Incomplete information : The author relies on evidence which is weak and the conclusion can be weakened by bringing in new info. 2.Improper comparison : The author attempts to consider two or more items that are essentially different. 3. Qualified conclusion : The author qualifies or limits the conclusion in such a way as to leave the argument open to attack.
C4: =C3+1 -> 2 | D4: A causal argument: X-> leads to Y: that means X is the reason for Y, we can strengthen it by saying that 1. There is no Z which can be the reason for Y OR 2. If we increase X while keeping everything else same, we'll increase Y - This could be indicated by saying that when customer see the credit card logo of the company they hold credit card of, they tip more than that when they see credit card logos of other companies. 3. IF we remove X while keeping everything else same, we'll not have Y - i.e. if the credit card logo doesn't remind people of their higher purchasing power, they would not tip higher. | K4: Qs | L4: Min
C5: =C4+1 -> 3 | D5: QUANTITATIVE PREDICTIVE ARGUMENTS - quantitative predictions (i.e. increase or decrease) in some parameter to qualify as this question type a) Profits= Revenue- Costs; b) Import = Demand - Supply Find out the relation between the parameters discussed in the question Write down the relation in the form of an equation Eliminate option statements that don’t impact the other parameter of the equation Evaluate the remaining option statements to find the correct answer | J5: V | K5: 36 | L5: 65 | M5: =L5/K5 -> 1.8055556 | N5: =M5*45 -> 81.25
C6: =C5+1 -> 4 | D6: Assumption question: Find the conclusion. See what is essential to it. If stuck between two options, use assumption negation technique (ANT). An assumption is a necessary missing premise. It is essential to the conclusion. If assumption becomes false, conclusion becomes false too (that is why ANT works. Negate the assumption, conclusion goes for a toss) | J6: Q | K6: 31 | L6: 62 | M6: =L6/K6 -> 2
C7: =C6+1 -> 5 | D7: Don't be tempted by logical answers that are out of scope for the given argument.
B8: SC
C9: 1 | D9: That vs Which usage a. Trees which give oxygen are essential for life on earth. b. Trees that give oxygen are essential for life on earth. Sentence (a) tells us that trees are essential for life on earth and states a property of trees i.e. Trees give oxygen. Sentence (b) tells us that only trees that give oxygen are essential for life on earth. This is the meaning difference between “which” and “that”
C10: =C9+1 -> 2 | D10: Parallelism error – “with” prepositional phrase modifier is not parallel to “which” relative clause modifier. Both should be either relative clause modifier or prepositional phrase modifier.
C11: =C10+1 -> 3 | D11: Revise Verb-ing modifier "Among" is used for comparison from one entity to another.
C12: =C11+1 -> 4 | D12: The subject of the sentence is this noun clause – ‘what brought the automobile… World War…’
C13: =C12+1 -> 5 | D13: Focus on the intended meaning
C14: =C13+1 -> 6 | D14: Idomatic Usages Correct Idiomatic usage is ‘prohibit x from doing y’; "Credit someone with something" is the correct idiom.
C15: =C14+1 -> 7 | D15: Countable Nouns The numbers are countable, so fewer must be used.
C16: =C15+1 -> 8 | D16: Pronoun Ambiguity Technically pronouns refer to the closest "legal" preceding parent noun - in this sentence that would be "wavelength" - but for the most part the GMAT abhors pronoun ambiguity.
C17: =C16+1 -> 9 | D17: Quantities many is used for countable nouns much is used for uncountable nouns
C18: =C17+1 -> 10 | D18: To identify SUBJECT, first identify the verb, and then ask “what/who is performing this verb?”.
C19: =C18+1 -> 11 | D19: “aid to heal” is idiomatically incorrect. When we want to talk about the reason for which aid is given, we use “aid + in + verb-ing” and not “aid + to + verb”. However, when we want to talk about the recipient of the aid, we can use “aid to”. For example: “They have given aid to the poor people”. So, you shouldn’t reject an option just on seeing “aid to”. Also, notice that in the first construction “to” is followed by a verb while in the second construction, “to” is followed by a noun (i.e. the recipient of the aid).
C20: =C19+1 -> 12 | D20: Verb-ing Modifier in a ‘comma+verb-ing’ structure, the verb-ing doesn’t go with anything other than the subject. When a verb-ing modifier is preceded by a comma, it always modifies the entire preceding clause. The verb-ing modifier denotes an action and this action must make sense with the subject of the preceding clause.
C21: =C20+1 -> 13 | D21: "Being" really isn’t too different from any other "-ing" word. "Being" can be a verb ("I am being cruel to Mike today.") or a noun ("Being a GMAT Club member is good for your mental health."). It’s just that it can’t act as a modifier >> "Being a GMAT Club member, ziyuen improved his GMAT score." WRONG
... C60: =C59+1 -> 52 | D60: The correct idiom is Consider X Y and not consider x as y or consider x to be y or consider x as y or any other form.
C61: =C60+1 -> 53
C62: =C61+1 -> 54
C63: =C62+1 -> 55

Sheet Quant Notes
A1: =MID(CELL("filename",A1),FIND("]",CELL("filename",A1))+1,255) -> Quant Notes
D2: Solve inequality qs - Rewriting the inequality to easily identify the zero points - Plotting the zero points and drawing the wavy line: - For terms with even power - wavy line should bounce back at the corresponding zero-points (even power denote always postive)
E15: s

Sheet GC Tips
A1: =MID(CELL("filename",A1),FIND("]",CELL("filename",A1))+1,255) -> GC Tips
D2: Being
E3: "Being" really isn’t too different from any other "-ing" word. "Being" can be a verb ("I am being cruel to Mike today.") or a noun ("Being a GMAT Club member is good for your mental health."). It’s just that it can’t act as a modifier >> "Being a GMAT Club member, ziyuen improved his GMAT score." WRONG
D5: Don't study for the GMAT. Train for it.
E6: For Verbal - Get first 26 questions right
E7: For Quant - Get first 15 Qs right

Sheet Planner
A1: =MID(CELL("filename",A1),FIND("]",CELL("filename",A1))+1,255) -> Planner | F1: =G1-TODAY() -> 4 | G1: 44246
G2: \
E7: 44197
E8: Sun | F8: Mon | G8: Tue | H8: Wed | I8: Thu | J8: Fri | K8: Sat
J9: 1 | K9: =+J9+1 -> 2
K10: e-gmat cementing quizes e-gmat CR concepts/app files
E11: =K9+1 -> 3 | F11: =E11+1 -> 4 | G11: =F11+1 -> 5 | H11: =G11+1 -> 6 | I11: =H11+1 -> 7 | J11: =I11+1 -> 8 | K11: =J11+1 -> 9
G12: 15 CR- Medium - 11C 4W 15 SC - Medium - 10C 5W | H12: 13 SC - Medium - 9C 4W 15 RC - Medium - 8C 7W 13 CR - 9C 4W | I12: Power Outage | J12: Power Outage | K12: Quant - GMAT Club - 700-800 Questions practice
E13: =K11+1 -> 10 | F13: =E13+1 -> 11 | G13: =F13+1 -> 12 | H13: =G13+1 -> 13 | I13: =H13+1 -> 14 | J13: =I13+1 -> 15 | K13: =J13+1 -> 16
E15: =K13+1 -> 17 | F15: =E15+1 -> 18 | G15: =F15+1 -> 19 | H15: =G15+1 -> 20 | I15: =H15+1 -> 21 | J15: =I15+1 -> 22 | K15: =J15+1 -> 23
E17: =K15+1 -> 24 | F17: =E17+1 -> 25 | G17: =F17+1 -> 26 | H17: =G17+1 -> 27 | I17: =H17+1 -> 28 | J17: =I17+1 -> 29 | K17: =J17+1 -> 30
E21: =+EOMONTH(E7,1) -> 44255
E22: Sun | F22: Mon | G22: Tue | H22: Wed | I22: Thu | J22: Fri | K22: Sat
E23: 31 | F23: 1 | G23: =F23+1 -> 2 | H23: =G23+1 -> 3 | I23: =H23+1 -> 4 | J23: =I23+1 -> 5 | K23: =J23+1 -> 6
E25: =K23+1 -> 7 | F25: =E25+1 -> 8 | G25: =F25+1 -> 9 | H25: =G25+1 -> 10 | I25: =H25+1 -> 11 | J25: =I25+1 -> 12 | K25: =J25+1 -> 13
E26: Revise CR+SC study notes and error log. Revise all Incorrect CR & SC
E27: =K25+1 -> 14 | F27: =E27+1 -> 15 | G27: =F27+1 -> 16 | H27: =G27+1 -> 17 | I27: =H27+1 -> 18 | J27: =I27+1 -> 19 | K27: =J27+1 -> 20
E29: =K27+1 -> 21 | F29: =E29+1 -> 22 | G29: =F29+1 -> 23 | H29: =G29+1 -> 24 | I29: =H29+1 -> 25 | J29: =I29+1 -> 26 | K29: =J29+1 -> 27
E31: =K29+1 -> 28 | F31: =E31+1 -> 29 | G31: =F31+1 -> 30 | H31: =G31+1 -> 31
H32: Start Mocks- Veritas + GMAT Prep
E35: =+EOMONTH(E21,1) -> 44286
E36: Sun | F36: Mon | G36: Tue | H36: Wed | I36: Thu | J36: Fri | K36: Sat
I37: 1 | J37: =+I37+1 -> 2 | K37: =+J37+1 -> 3
E39: =K37+1 -> 4 | F39: =E39+1 -> 5 | G39: =F39+1 -> 6 | H39: =G39+1 -> 7 | I39: =H39+1 -> 8 | J39: =I39+1 -> 9 | K39: =J39+1 -> 10
E41: =K39+1 -> 11 | F41: =E41+1 -> 12 | G41: =F41+1 -> 13 | H41: =G41+1 -> 14 | I41: =H41+1 -> 15 | J41: =I41+1 -> 16 | K41: =J41+1 -> 17
E43: =K41+1 -> 18 | F43: =E43+1 -> 19 | G43: =F43+1 -> 20 | H43: =G43+1 -> 21 | I43: =H43+1 -> 22 | J43: =I43+1 -> 23 | K43: =J43+1 -> 24
E45: =K43+1 -> 25 | F45: =E45+1 -> 26 | G45: =F45+1 -> 27 | H45: =G45+1 -> 28 | I45: =H45+1 -> 29 | J45: =I45+1 -> 30
H46: D- Day

Sheet Database
A1: =MID(CELL("filename",A1),FIND("]",CELL("filename",A1))+1,255) -> Database
E3: Choices | F3: Types | G3: Sources | H3: Answer Selection Method | I3: Why Wrong? | J3: Quant Areas | K3: Verbal Areas | L3: RC | M3: CR | N3: SC
E4: A | F4: PS | G4: Official Guide 11 | H4: Know (Confident) | I4: Concept | J4: Geometry | K4: Purpose | L4: Purpose | M4: Assumption | N4: Subject-verb
E5: B | F5: DS | G5: Official Guide 12 | H5: Process of Elim. (50 /50) | I5: Tough | J5: Algebra | K5: Inference | L5: Inference | M5: Conclusion | N5: Parallelism
E6: C | F6: RC | G6: Official Guide - Q | H6: Guess (No Confidence) | I6: Careless | J6: Arithmetic | K6: Tone | L6: Tone | M6: Strengthten | N6: Pronouns
E7: D | F7: CR | G7: Official Guide - V | I7: Timing | J7: Probability | K7: Main Idea | L7: Main Idea | M7: Weaken | N7: Modifiers
E8: E | F8: SC | G8: Princeton | I8: Lack of Understanding | J8: Comb / Perm | K8: Specific detail | L8: Specific detail | M8: Bold face | N8: Verbs
G9: Kaplan | I9: Application | J9: Work / Rate | K9: Assumption | M9: Inference | N9: Idioms
G10: MGMAT | J10: Fraction / Ratio | K10: Logical Conclusion | N10: Odds & ends
G11: GMAT Club | J11: Exponent / Root | K11: Strengthten | N11: Comparison
G12: e-gmat | J12: Num. Props | K12: Weaken
G13: GMAT Prep Compr | J13: Inequalities | K13: Bold face
K14: Inference
K15: Paradox
K16: Evaluate
K17: Misc
K18: Subject-verb
K19: Parallelism
K20: Pronouns
K21: Modifiers
K22: Verbs
K23: Idioms
K24: Odds & ends
K25: Comparison
